 Dungeon Crawl Stone Soup version 0.31-a0-1002-g8e65716e6e (webtiles) character file.

Game seed: 16050248872980308717

1389555 EnegeticOcto the Maledictor (level 25, 148/148 HPs)
             Began as a Felid Chaos Knight on Nov 10, 2023.
             Was a Favourite Plaything of Xom.
             Escaped with the Orb
             ... and 3 runes!
             The game lasted 04:20:17 (98296 turns).

EnegeticOcto the Maledictor (Felid Chaos Knight)   Turns: 98296, Time: 04:20:18

Health: 148/148    AC: 32    Str: 14    XL:     25   Next: 23%
Magic:  45/45      EV: 42    Int: 23    God:    Xom [....*.]
Gold:   4340       SH:  0    Dex: 26    Spells: 7/50 levels left
                                        Lives:  2   Deaths: 7

rFire   + .          .
                       - Unarmed
rCold   + . .        (shield unavailable)
rNeg    + . .        (body armour unavailable)
rPois   ∞            (helmet unavailable)
rElec   +            (cloak unavailable)
rCorr   .            (gloves unavailable)
SInv    +            (boots unavailable)
Will    +++++        T - amulet of regeneration
Stlth   ++           Q - ring of protection from cold
HPRegen 1.24/turn    K - +6 ring of dexterity
MPRegen 0.29/turn

%: no passive effects
@: statue-form, studying Evocations, very slow
A: slow and powerful, torment resistance 1, boosted hp, very small, claws 2,
fangs 3, see invisible, (speed 1), (shaggy fur 3), stealthy paws, no weapons or
thrown items, no armour, multi-lived, (iridescent scales 3), clever 2, fire
resistance 1, frail 1, high MP 1, strong-willed 2, strong 2
0: Orb of Zot
}: 3/15 runes: serpentine, barnacled, abyssal
a: Begin Untransformation, Renounce Religion


You escaped.
You worshipped Xom.
You were a beloved toy of Xom.
You were a living statue of rough stone.
You visited 11 branches of the dungeon, and saw 50 of its levels.
You visited the Abyss 1 time.
You visited 3 bazaars.
You also visited: Trove.

You collected 10367 gold pieces.
You spent 6027 gold pieces at shops.

Inventory:

Jewellery
 h - an amulet of guardian spirit
   (You found it on level 2 of the Depths)
 y - the ring "Imucuch" {Ice +Blink rN+ Int+5}
   (You took it off Josephina on level 1 of the Crypt)

   [ring of ice]

   Ice:       It enhances your ice magic.
   Int+5:     It affects your intelligence (+5).
   rF-:       It makes you vulnerable to fire.
   rC+:       It protects you from cold.
   rN+:       It protects you from negative energy.
   +Blink:    It lets you blink.
 E - the ring of the Dropbear {rF+ rN+ Slay+3}
   (You acquired it in a bazaar)

   [ring of protection from fire]

   Slay+3:    It affects your accuracy & damage with ranged weapons and melee
   (+3).
   rF+:       It protects you from fire.
   rN+:       It protects you from negative energy.
 H - the ring "Oquec" {rF+ Will- EV+5 Str+8}
   (Xom gifted it to you on level 1 of the Snake Pit)

   [ring of evasion]

   EV+5:      It affects your evasion (+5).
   Str+8:     It affects your strength (+8).
   rF+:       It protects you from fire.
   Will-:     It decreases your willpower.
 K - a +6 ring of dexterity (right paw)
   (You found it on level 1 of the Elven Halls)
 P - the amulet "Gebba" {Spirit Rampage rPois Will+ Dex+2}
   (You bought it in a shop in a bazaar)

   [amulet of guardian spirit]

   Spirit:    It causes incoming damage to be divided between your reserves of
   health and magic.
   Dex+2:     It affects your dexterity (+2).
   rPois:     It protects you from poison Will+: It increases your willpower.
   Rampage:   It bestows one free step when moving towards enemies.
 Q - a ring of protection from cold (left paw)
   (You bought it in a shop on level 2 of the Orcish Mines)
 S - a ring of willpower
   (You found it on level 3 of the Vaults)
 T - an amulet of regeneration (around neck)
   (You took it off a deep elf pyromancer on level 3 of the Elven Halls)
 U - the macabre finger necklace {Finger+ rN+}
   (You took it off a deep elf archer on level 3 of the Elven Halls)

   [amulet of nothing]

   Finger+:   It enables you to equip an extra ring.
   rN+:       It protects you from negative energy.
 V - the ring "Eguitioc" {rElec rPois rF+ Str+7}
   (Xom gifted it to you on level 3 of the Realm of Zot)

   [ring of protection from fire]

   Str+7:     It affects your strength (+7).
   rF+:       It protects you from fire.
   rElec:     It insulates you from electricity.
   rPois:     It protects you from poison
Talismans
 O - a granite talisman (active)
   (You bought it in a shop in a bazaar)
Wands
 b - a wand of iceblast (45) {@v2}
   (You found it on level 7 of the Dungeon)
 e - a wand of paralysis (47)
   (You took it off a deep elf pyromancer on level 3 of the Elven Halls)
 k - a wand of digging (21) {@v3}
   (You found it on level 8 of the Dungeon)
 o - a wand of flame (125) {@v4}
   (You found it on level 8 of the Dungeon)
 r - a wand of polymorph (23)
   (You found it on level 10 of the Dungeon)
 v - a wand of acid (33) {@v1}
   (You found it on level 13 of the Dungeon)
 C - a wand of mindburst (52)
   (You found it on level 4 of the Lair of Beasts)
Scrolls
 d - 2 scrolls of immolation
 f - 5 scrolls of teleportation {@r3 !r}
 g - 9 scrolls of vulnerability
 l - 5 scrolls of amnesia
 p - 9 scrolls of fog {!r}
 q - 10 scrolls of poison
 t - 3 scrolls of torment
 w - 2 scrolls of blinking {@r4}
 G - 5 scrolls of fear {!r}
 N - a scroll of butterflies
Potions
 a - 3 potions of attraction
 i - 16 potions of curing {@q1 !q}
 j - 9 potions of heal wounds {@q2 !q}
 m - 5 potions of invisibility
 s - 8 potions of might {@q3 !q}
 x - 6 potions of cancellation
 z - 4 potions of magic
 A - 6 potions of mutation
 B - 2 potions of berserk rage
 D - 8 potions of brilliance
 I - 3 potions of haste {@q4 !q}
 J - 4 potions of enlightenment
 L - 2 potions of resistance
 M - 6 potions of ambrosia
 R - 4 potions of lignification {@q6}
Miscellaneous
 c - a lightning rod (4/4)
   (You found it on level 9 of the Dungeon)
 u - a condenser vane (inert)
   (You found it on level 15 of the Dungeon)
 F - a box of beasts
   (You found it on level 10 of the Dungeon)


   Skills:
 - Level 20.9 Fighting
 - Level 20.9 Dodging
 - Level 7.6 Stealth
 - Level 20.0 Unarmed Combat
 - Level 13.0 Spellcasting
 - Level 10.0 Conjurations
 - Level 21.0 Hexes
 - Level 7.0 Summonings
 - Level 10.0 Translocations
 - Level 10.0 Transmutations
 - Level 4.0 Air Magic
 - Level 8.5 Earth Magic
 - Level 14.0 Evocations
 + Level 20.3 Shapeshifting


You had 7 spell levels left.
You knew the following spells:

 Your Spells              Type           Power      Damage    Failure   Level
a - Tukima's Dance        Hex            84%        N/A       0%          3
b - Summon Mana Viper     Hex/Summ       68%        N/A       1%          5
c - Wereblood             Tmut           57%        N/A       1%          2
d - Brom's Barrelling Bo  Conj/Erth      55%        2d7       1%          4
e - Sandblast             Erth           100%       2d20      1%          1
f - Vhi's Electric Charg  Tloc/Air       94%        N/A       2%          4
g - Iskenderun's Mystic   Conj/Tloc      57%        2d12      1%          4
h - Lesser Beckoning      Tloc           100%       N/A       1%          2
i - Stone Arrow           Conj/Erth      100%       3d13      1%          3
j - Apportation           Tloc           100%       N/A       1%          1
k - Summon Forest         Summ/Tloc      26%        N/A       3%          5
p - Passwall              Tmut/Erth      45%        N/A       1%          2
z - Irradiate             Conj/Tmut      28%        3d21      1%          5
Y - Blink                 Tloc           100%       N/A       1%          2

Your spell library contained the following spells:

 Spells                   Type           Power      Damage    Failure   Level
 Slow                     Hex            100%       N/A       0%          1
 Jinxbite                 Hex            100%       N/A       0%          2
 Confusing Touch          Hex            84%        N/A       0%          3
 Sigil of Binding         Hex            84%        N/A       0%          3
 Foxfire                  Conj/Fire      100%       2x1d9     1%          1
 Magic Dart               Conj           100%       1d8       1%          1
 Summon Small Mammal      Summ           100%       N/A       1%          1
 Ensorcelled Hibernation  Hex/Ice        100%       N/A       1%          2
 Momentum Strike          Conj/Tloc      100%       3d10      1%          2
 Searing Ray              Conj           100%       2d8       1%          2
 Dazzling Flash           Conj/Hex       100%       N/A       1%          3
 Gell's Gravitas          Tloc           57%        N/A       1%          3
 Hailstorm                Conj/Ice       37%        3d9       1%          3
 Teleport Other           Tloc           57%        N/A       1%          3
 Volatile Blastmotes      Fire/Tloc      74%        2d16      1%          3
 Anguish                  Hex/Necr       29%        N/A       1%          4
 Fulminant Prism          Conj/Hex       36%        3d17      1%          4
 Iskenderun's Battlesphe  Conj           57%        2d11      1%          5
 Swiftness                Air            33%        N/A       2%          3
 Cigotuvi's Dreadful Rot  Necr/Pois/Air  42%        N/A       3%          2
 Ignite Poison            Fire/Tmut/Pois 30%        N/A       3%          3
 Lee's Rapid Deconstruct  Erth           26%        3d14*     3%          5
 Freeze                   Ice            56%        1d7       4%          1
 Necrotise                Necr           56%        1d6       4%          1
 Summon Lightning Spire   Summ/Air       40%        N/A       4%          4
 Arcjolt                  Conj/Air       23%        1d33      6%          5
 Summon Ice Beast         Ice/Summ       31%        N/A       10%         4
 Dispersal                Tloc           28%        N/A       11%         6
 Vampiric Draining        Necr           14%        2d7       12%         3
 Alistair's Intoxication  Tmut/Pois      24%        N/A       14%         5
 Fireball                 Conj/Fire      18%        3d9       14%         5
 Bombard                  Conj/Erth      27%        9d5       14%         6
 Freezing Cloud           Conj/Ice/Air   18%        6-21      17%         5
 Borgnjor's Vile Clutch   Necr/Erth      17%        N/A       21%         5
 Conjure Ball Lightning   Conj/Air       23%        3x3d6     34%         6
 Summon Cactus Giant      Summ           23%        N/A       34%         6
 Animate Dead             Necr           14%        N/A       38%         4
 Dispel Undead            Necr           14%        3d10      38%         4
 Orb of Destruction       Conj           28%        9d9       50%         7
 Eringya's Noxious Bog    Tmut/Pois      18%        4d6       63%         6
 Starburst                Conj/Fire      18%        6d7       63%         6
 Spellforged Servitor     Conj/Summ      26%        N/A       71%         7
 Monstrous Menagerie      Summ           23%        N/A       89%         7
 Summon Hydra             Summ           23%        N/A       89%         7
 Plasma Beam              Fire/Air       12%        2x1d23    95%         6
 Death Channel            Necr           7%         N/A       99%         6
 Simulacrum               Ice/Necr       7%         N/A       99%         6
 Haunt                    Necr/Summ      15%        N/A       100%        7
 Lehudib's Crystal Spear  Conj/Erth      27%        10d7      99%         8
 Borgnjor's Revivificati  Necr           7%         N/A       100%        8
 Infestation              Necr           7%         N/A       100%        8
 Maxwell's Capacitive Co  Air            16%        ∞         100%        8
 Death's Door             Necr           7%         N/A       100%        9
 Shatter                  Erth           26%        3d22*     100%        9
 Animate Armour           Summ/Erth      Unusable   N/A       N/A         4
 Dimensional Bullseye     Hex/Tloc       Unusable   N/A       N/A         4
 Sublimation of Blood     Necr           Unusable   N/A       N/A         2

Dungeon Overview and Level Annotations

Branches:
Dungeon (15/15)            Temple (0/1) D:4            Lair (5/5) D:10
 Shoals (4/4) Lair:2        Snake (4/4) Lair:3        Slime (1/5) Lair:4
    Orc (2/2) D:12            Elf (3/3) Orc:2        Vaults (4/5) D:14
  Crypt (3/3) Vaults:3       Tomb (0/3) Crypt:3      Depths (4/4) D:15
    Zot (5/5) Depths:4

Altars:
Ashenzari
Cheibriados
Elyvilon
Fedhas
Gozag
Makhleb
Nemelex Xobeh
Okawaru
Sif Muna
Trog
Vehumet
Wu Jian
Xom
Yredelemnul
Zin
The Shining One

Shops:
D:2 !   D:3 :   Orc:2 *=[*   Elf:1 =(![:[   Shoals:1 ?   Shoals:4 =   Snake:4 (
Vaults:2 (   Depths:3 :

Portals:
Hell: Depths:1 Depths:2 Depths:3 Depths:4
Abyss: Depths:1 Depths:3
Pandemonium: Depths:2
Ziggurat: Depths:2
Bazaar: Elf:2

Annotations:
Shoals:1 exclusion: kraken
Snake:1 exclusion: downstairs
Snake:2 Vashnia
Orc:2 exclusion: upstairs
Vaults:1 1 runed translucent door, exclusion: door
Vaults:4 Mennas
Crypt:2 3 runed translucent doors, exclusion: 3 doors, Besor's ghost, veteran MiBe
Depths:3 1 runed translucent door, exclusion: door
Depths:4 exclusions: 3 hell hogs, hell knight and 2 more exclusions
Zot:5 1 exclusion


Innate Abilities, Weirdness & Mutations

You are a living statue of rough stone.
Your actions are slow, but your melee attacks are powerful.
You are resistant to unholy torment.
Your maximum health is greatly increased.
You are immune to poison.
You have sharp claws.
You have razor-sharp teeth.
You have supernaturally acute eyesight. (SInv)
((You cover ground quickly. (Speed+)))
((Your thick and shaggy fur keeps you warm. (AC +3, rC+)))
Your paws help you pounce on unaware monsters.
You are incapable of wielding weapons or throwing items.
You cannot wear armour.
You gain extra lives every three experience levels.
((You are completely covered in iridescent scales. (AC +6)))
Your mind is very acute. (Int +8, Str/Dex -2)
Your flesh is heat resistant. (rF+)
You are frail. (-10% HP)
You have an increased reservoir of magic. (+10% MP)
You are highly strong-willed. (Will++)
Your muscles are very strong. (Str +8, Int/Dex -2)


Message History

(H) Hell (Z) Zot
Where to? (Tab/Enter - D:1 @ (x,y), ? - help)
There is a stone staircase leading up here.
You climb upwards.
There is a stone staircase leading down here.
A hell beast comes into view.
Unknown command.
There is an open door here.
Charge where?
Press: ? - help, Q - select action, (/) - cycle Dir - move target, f - hell beast
Aim: a hell beast (81% to hit)
You charge forward with an electric crackle!
You barely miss the hell beast. You claw the hell beast!
You bite the hell beast.
The hell beast is moderately wounded.
The hell beast misses you.
The hell beast tramples you but does no damage.
The hell beast bites you but does no damage.
The hell beast completely misses you.
You eviscerate the hell beast!!! You bite the hell beast.
The hell beast is almost dead.
The hell beast misses you. The hell beast closely misses you.
You mangle the hell beast!!
You kill the hell beast!
(D) Dungeon (T) Temple (L) Lair (A) Shoals (P) Snake Pit (M) Slime Pits (O) Orcish Mines (E) Elven Halls (V) Vaults (C) Crypt (W) Tomb (U) Depths (H) Hell (Z) Zot
Where to? (Tab/Enter - D:1 @ (x,y), ? - help) Magic restored.
There is an open door here.
An Orb Guardian comes into view.
Unknown command.
Unknown command.
A rust devil comes into view.
The Orb Guardian misses you. The Orb Guardian misses you.
You are now a beloved toy of Xom.
The Orb Guardian completely misses you.
There is a stone staircase leading up here.
You see here 2 scrolls of enchant weapon.
The Orb Guardian closely misses you. The Orb Guardian completely misses you.
The Orb Guardian hits you!!
You climb upwards.
There is a stone staircase leading down here.
You eviscerate the Orb Guardian!!!
The Orb Guardian is heavily wounded.
The Orb Guardian misses you.
You eviscerate the Orb Guardian!!!
The Orb Guardian is almost dead.
The Orb Guardian hits you but does no damage.
You barely miss the Orb Guardian.
The Orb Guardian is almost dead.
The Orb Guardian barely misses you.
You claw the Orb Guardian!
The Orb Guardian is almost dead.
The Orb Guardian closely misses you. x2
You mangle the Orb Guardian!!
You kill the Orb Guardian!
No target in view!
(D) Dungeon (T) Temple (L) Lair (A) Shoals (P) Snake Pit (M) Slime Pits (O) Orcish Mines (E) Elven Halls (V) Vaults (C) Crypt (W) Tomb (U) Depths (H) Hell (Z) Zot
Where to? (Tab/Enter - D:1 @ (x,y), ? - help) HP restored.
There is a stone staircase leading up here.
You climb upwards.
There is a stone staircase leading down here.
There is a stone staircase leading up here.
You climb upwards.
There is a stone staircase leading down here.
A great orb of eyes comes into view.
Unknown command.
Unknown command.
Aiming: Dig
Press: ? - help, Shift-Dir - straight line A rock wall.
This square is covered in magical glow.
The rock shatters into small pieces.
The great orb of eyes attacks as it pursues you!
The great orb of eyes bites you but does no damage.
The great orb of eyes completely misses you.
You eviscerate the great orb of eyes!!! You claw the great orb of eyes.
You bite the great orb of eyes, but do no damage.
The great orb of eyes is severely wounded.
The great orb of eyes completely misses you.
You claw the great orb of eyes!
You bite the great orb of eyes, but do no damage.
The great orb of eyes is severely wounded.
The great orb of eyes completely misses you.
You mangle the great orb of eyes!!
You kill the great orb of eyes!
No target in view!
Aiming: Dig
Press: ? - help, Shift-Dir - straight line This square is covered in magical glow.
The rock shatters into small pieces.
There is a staircase leading out of the dungeon here.
You have escaped!

..........##.#####.#.#.#)#.#.....
..........##.#.......#.#.#.######
..........##.######..#.#.#.# #
..........##.........#.#.#.# #
.#######.###.#####.#.#.#.#.# # .#
#.###.#.......#.#.#.# .#
#.....#.##.##.#.#...# .#
####.##.#...#.#.##### .#
#.##.#8#.#.#.....# .#
#.##.###.#.#####.# .#
#.##.....#.......# .#
#.########.####### ##
#..........# ############


There were no monsters in sight!

Vanquished Creatures
  An ancient lich (Zot:3)
  Josephina (Crypt:1)
  Vv (Crypt:1)
  Xtahua (Depths:3)
  6 Killer Klowns (Zot:3)
  A caustic shrike (Zot:1)
  2 curse toes (Zot:3)
  Jory (Crypt:1)
  7 golden dragons
  3 profane servitors
  Nikola (Shoals:1)
  2 bone dragons
  2 electric golems
  8 tentacled monstrosities
  2 Hell Sentinels
  2 shard shrike skeletons
  A lich (Zot:4)
  A titan (Depths:1)
  2 deep elf blademasters (Elf:3)
  6 Orb Guardians
  2 quicksilver dragons (Zot:1)
  A kraken (Shoals:1)
  5 death cobs
  2 sphinxes
  A deep elf master archer (Elf:3)
  3 ancient champions
  2 tentacled starspawn
  An Executioner (Abyss:3)
  Gastronok (D:9)
  4 shadow dragons
  Aizul (Elf:2)
  Kirke (D:15)
  Agnes (Snake:3)
  Donald (Snake:4)
  A tengu reaver (Depths:3)
  3 nagarajas
  2 draconian monks
  Ilsuiw (Shoals:3)
  2 revenants
  4 fire giants
  3 draconian scorchers
  12 storm dragons
  2 draconian knights
  7 frost giants
  12 vault wardens
  3 deep elf sorcerers (Elf:3)
  An iron dragon (Zot:1)
  3 deep elf elementalists (Elf:3)
  2 curse skulls
  4 draconian shifters
  A ghost moth (Abyss:3)
  2 balrugs
  A caustic shrike zombie (Crypt:2)
  2 draconian stormcallers
  4 spriggan defenders
  12 very ugly things
  A war gargoyle (Vaults:4)
  3 ghouls
  16 ironbound preservers
  3 draconian annihilators
  2 demonspawn corrupters
  9 stone giants
  3 orc warlords
  A demonspawn blood saint (Zot:2)
  A caustic shrike skeleton (Crypt:2)
  18 ironbound thunderhulks
  5 vampire knights
  A formless jellyfish (Vaults:2)
  A quicksilver ooze (shapeshifter) (D:13)
  7 black draconians
  5 deep elf annihilators (Elf:3)
  9 deep elf demonologists (Elf:3)
  6 white draconians
  6 green draconians
  6 yellow draconians
  8 dire elephants
  13 purple draconians
  A spark wasp (Depths:2)
  10 red draconians
  4 crystal guardians
  2 green deaths
  20 deep elf death magi
  4 merfolk javelineers
  3 ettins
  2 eidola (Crypt:2)
  A deep elf high priest (Elf:3)
  Harold (D:9)
  13 jiangshi
  3 rakshasas
  14 fire dragons
  A great orb of eyes (shapeshifter) (Abyss:3)
  8 merfolk impalers
  3 entropy weavers
  5 vault guards
  3 yaktaur captains
  8 great orbs of eyes
  12 spriggan air magi
  A jorogumo (Lair:4)
  2 ogre magi (Vaults:3)
  2 peacekeepers (Vaults:4)
  2 salamander tyrants
  A catoblepas (Lair:4)
  5 hydras
  6 anacondas
  5 ice dragons
  3 merfolk avatars (Shoals:4)
  2 hell beasts
  The ghost of kal9871 the Basher, a novice TrFi of Okawaru (D:9)
  2 alligator snapping turtles (Shoals:4)
  17 centaur warriors
  6 ironbound frosthearts
  4 boulder beetles
  21 dancing weapons
  A spriggan skeleton (Crypt:3)
  An azure jelly zombie (Crypt:1)
  3 merfolk aquamancers
  A two-headed ogre (Shoals:1)
  A satyr (Shoals:4)
  8 naga warriors
  4 death knights (Crypt:3)
  The ghost of ongoing the Skirmisher, a journeyman DEHs of Vehumet (D:10)
  8 deep troll earth magi
  An orc high priest (Orc:2)
  A tengu warrior (Depths:1)
  3 death yaks (Lair:3)
  4 deep troll shamans
  6 thrashing horrors (Abyss:3)
  10 shock serpents
  6 vampire magi
  4 spriggan berserkers
  2 occultists (Depths:2)
  9 naga sharpshooters
  11 hell knights (Depths:4)
  Urug (Lair:5)
  6 soul eaters
  2 shadow wraiths (Crypt:3)
  3 skysharks
  5 salamander mystics
  2 sixfirhies (D:14)
  16 deep elf knights
  6 iron trolls
  30 skeletal warriors
  2 wretched stars (Abyss:3)
  49 deep trolls
  5 naga ritualists
  2 anaconda zombies
  2 shadow demons
  4 flayed ghosts
  6 sea snakes
  An orb spider (shapeshifter) (Depths:4)
  8 starcursed masses (Abyss:3)
  A bog body (Crypt:2)
  4 arcanists
  9 ironbound convokers
  6 necromancers
  A fenstrider witch simulacrum (Crypt:2)
  Pikel (D:7)
  20 harpies
  3 phantasmal warriors
  An anaconda skeleton (Crypt:1)
  10 lindwurms
  12 deep elf archers
  7 mana vipers
  18 deep elf pyromancers
  An iron dragon zombie (Crypt:2)
  8 orc knights
  5 orc sorcerers
  12 fauns
  24 deep elf zephyrmancers
  20 ugly things
  16 cyclopes
  23 moths of wrath
  11 salamanders
  16 manticores
  7 large abominations
  2 guardian serpents (shapeshifter) (Abyss:3)
  A dire elephant zombie (Crypt:1)
  11 elephants
  2 centaur zombies
  4 water nymphs
  Maurice (D:8)
  31 black mambas
  3 merfolk sirens
  Joseph (D:7)
  A fire giant skeleton (Vaults:3)
  12 naga magi
  A rust devil (Depths:1)
  11 vault sentinels
  3 guardian serpents
  3 smoke demons
  Maggie (D:7)
  2 kobold demonologists
  17 cane toads
  A gargoyle (D:12)
  A torpor snail (Lair:3)
  A pale draconian zombie (Crypt:1)
  A cane toad (shapeshifter) (Lair:2)
  Jeremiah (D:8)
  5 rime drakes
  A hellion (Depths:2)
  3 freezing wraiths
  25 yaktaurs
  2 efreet (D:14)
  A tormentor (D:7)
  6 komodo dragons
  4 tengu conjurers
  An ancient zyme (Abyss:3)
  A queen bee (D:10)
  20 merfolk
  7 polar bears
  18 hornets
  2 yaktaur skeletons (Vaults:3)
  A meliai (D:10)
  A troll (shapeshifter) (Zot:1)
  A tyrant leech (Abyss:3)
  2 harpy zombies
  The ghost of Ratslayer the Trooper, an amateur DsBe of Trog (D:4)
  10 wind drakes
  2 hellwings
  2 harpy skeletons
  A moth of wrath zombie (Crypt:2)
  4 trolls
  A raiju (shapeshifter) (Abyss:3)
  A tarantella (shapeshifter) (D:15)
  2 blink frogs (Lair:5)
  6 raiju
  7 snapping turtles
  A human simulacrum (Crypt:1)
  59 flying skulls
  34 slime creatures
  3 dream sheep
  5 shadows
  A centaur simulacrum (Crypt:3)
  An air elemental (Elf:2)
  9 wraiths
  9 water elementals
  3 wyverns
  2 deep troll skeletons (Vaults:3)
  3 ynoxinuls
  7 fire elementals
  22 spriggans
  42 yaks
  2 black mamba skeletons (Crypt:2)
  A fire bat (D:10)
  A human (shapeshifter) (Elf:1)
  An ettin skeleton (Vaults:3)
  A vampire (D:9)
  2 humans (Vaults:3)
  5 hogs
  2 redbacks (Vaults:4)
  6 vampire mosquitoes
  5 basilisks
  6 chaos spawn
  A steam dragon (D:8)
  2 golden eyes (shapeshifter)
  Menkaure (D:7)
  2 swamp worms (shapeshifter)
  28 nagas
  A two-headed ogre zombie (Crypt:3)
  2 acid dragons
  5 wargs
  9 water moccasins
  Duvessa (D:5)
  2 glowing shapeshifter skeletons (Vaults:3)
  A naga skeleton (Abyss:2)
  A cane toad zombie (Crypt:1)
  3 nameless horrors
  A black bear (shapeshifter) (D:14)
  A cane toad skeleton (Crypt:2)
  An ice beast (shapeshifter) (D:14)
  15 orc warriors
  6 black bears
  A sky beast (D:7)
  2 black mamba simulacra (Crypt:1)
  7 ogres
  5 boggarts
  45 wolves
  33 centaurs
  A lemure (D:7)
  2 phantoms
  4 elf zombies (Elf:1)
  A gnoll sergeant (D:13)
  5 necrophages
  14 bullfrogs
  An elf skeleton (Crypt:2)
  A scorpion (D:5)
  2 earth elementals (Elf:1)
  A cane toad simulacrum (Lair:5)
  10 human skeletons
  4 wights (D:10)
  Dowan (D:5)
  A hornet simulacrum (D:15)
  6 killer bees (D:10)
  A vampire bat (Lair:5)
  2 electric eels
  6 howler monkeys
  2 quasits (D:4)
  18 orc priests
  2 hounds
  Crazy Yiuf (D:7)
  2 gnoll boudas
  5 jellies
  7 iguanas
  15 orc wizards
  2 sleepcaps (D:5)
  A basilisk skeleton (Crypt:2)
  Natasha (thrice) (D:2 D:1)
  A polar bear simulacrum (Lair:5)
  A scorpion zombie (Crypt:1)
  6 small abominations
  A tengu skeleton (Crypt:2)
  10 gnolls
  7 adders
  2 shadow imps
  6 white imps
  17 ufetubi
  3 dart slugs
  A worm (D:2)
  71 orcs
  8 bats
  8 endoplasms
  A giant cockroach (D:1)
  12 goblins
  9 hobgoblins
  4 jackals (D:2)
  13 kobolds
  4 quokkas
  7 ball pythons
  5 frilled lizards
  4 rats
  A tentacle (Shoals:1)
1936 creatures vanquished.

Vanquished Creatures (collateral kills)
  A lich (Crypt:3)
  2 sphinxes
  An ancient champion (Crypt:3)
  2 nagarajas (Snake:4)
  A fire giant (Depths:3)
  A vault warden (Vaults:1)
  A formless jellyfish (Vaults:2)
  An ironbound preserver (Vaults:2)
  An ironbound thunderhulk (Vaults:3)
  2 dire elephants
  A white draconian (Zot:2)
  An ettin (Depths:2)
  A deep elf death mage (Crypt:1)
  A fire dragon (Depths:2)
  A jiangshi (Crypt:3)
  4 merfolk impalers
  A yaktaur captain (Vaults:4)
  2 ice dragons (Depths:2)
  3 vault guards
  An alligator snapping turtle (Shoals:4)
  2 anacondas
  Erica (D:8)
  2 merfolk aquamancers (Shoals:4)
  A centaur warrior (Vaults:1)
  3 dancing weapons (Elf:2)
  A death yak (Lair:4)
  A two-headed ogre (D:9)
  6 naga warriors
  A tengu warrior (Depths:2)
  A shock serpent (Snake:2)
  9 naga sharpshooters
  2 deep elf knights
  2 skysharks
  3 salamander mystics
  2 iron trolls (Depths:2)
  5 sea snakes
  3 shadow wraiths (Crypt:3)
  A sixfirhy (D:14)
  A skeletal warrior (Crypt:3)
  5 deep trolls
  5 naga ritualists
  A deep elf archer (Elf:1)
  An orc knight (Vaults:3)
  A harpy (shapeshifter) (D:12)
  A lindwurm (Lair:4)
  2 arcanists (Vaults:3)
  2 ironbound convokers
  A deep elf pyromancer (Elf:1)
  An orc sorcerer (Orc:2)
  6 harpies
  4 deep elf zephyrmancers
  2 fauns (Shoals:2)
  4 mana vipers
  8 salamanders
  2 ugly things
  3 manticores
  8 merfolk sirens
  A vault sentinel (Vaults:1)
  3 guardian serpents (Snake:4)
  2 water nymphs (Shoals:3)
  9 naga magi
  5 black mambas
  7 yaktaurs
  2 trolls (D:12)
  A hornet (Lair:5)
  8 merfolk
  A wind drake (Shoals:4)
  A tarantella (shapeshifter) (Depths:3)
  5 snapping turtles
  A blink frog (Lair:5)
  6 dream sheep
  A jumping spider (Snake:1)
  8 slime creatures
  2 spriggans (Lair:5)
  3 water elementals (Shoals:4)
  6 yaks
  A hog (D:15)
  A vampire mosquito (D:12)
  A chaos spawn (Depths:1)
  22 nagas
  3 wargs (Orc:2)
  9 orc warriors (Orc:2)
  A black bear (shapeshifter) (Depths:2)
  3 wolves (Lair:5)
  3 centaurs
  2 kobold brigands (D:8)
  A cane toad simulacrum (Lair:5)
  6 human skeletons (Vaults:4)
  6 orc wizards
  A nameless horror (Shoals:3)
  9 orcs
  2 kobolds (D:8)
  26 boulders
  3 tentacles (Shoals:1)
305 creatures vanquished.

Vanquished Creatures (others)
  An Orb Guardian (Zot:5)
  3 dancing weapons
  A thrashing horror (Abyss:3)
  A spriggan simulacrum (Crypt:1)
  A harpy (Shoals:4)
  An elephant (Lair:3)
  4 unseen horrors (Abyss:3)
  2 dream sheep (Shoals:3)
  A yak (Lair:2)
  A fire elemental (Elf:1)
  A human (D:15)
  A harpy simulacrum (Crypt:1)
  An orc (D:8)
  A goblin (D:8)
  28 boulders
  24 snaplasher vines
  4 starspawn tentacles
  8 tentacles (Shoals:1)
84 creatures vanquished.

Grand Total: 2325 creatures vanquished

Notes
Turn   | Place    | Note
-------+----------+-------------------------------------------
     0 | D:1      | EnegeticOcto the Felid Chaos Knight began the quest for the
                  | Orb.
     0 | D:1      | Reached XP level 1. HP: 10/10 MP: 2/2
   175 | D:1      | Reached skill level 1 in Stealth
   423 | D:1      | XOM: silly message
   425 | D:1      | Reached skill level 2 in Stealth
   446 | D:1      | XOM: silly message
   578 | D:1      | XOM: give mutations
   578 | D:1      | Gained mutation: You expend magic power (3 MP) to
                  | strengthen your wands. [Xom's mischief]
   578 | D:1      | Lost mutation: You expend magic power (3 MP) to strengthen
                  | your wands. [Xom's mischief]
   582 | D:1      | Got the Teachings on the Solid Snowflakes
   600 | D:1      | Reached XP level 2. HP: 14/14 MP: 3/3
   602 | D:1      | XOM: butterfly on damage
   629 | D:1      | Learned a level 1 spell: Sandblast
   710 | D:1      | XOM: silly message
   717 | D:1      | Reached skill level 3 in Stealth
   931 | D:1      | XOM: butterfly on damage
   934 | D:1      | XOM: silly message
  1219 | D:1      | Reached XP level 3. HP: 17/17 MP: 2/5
  1319 | D:1      | XOM: noise
  1364 | D:2      | Noticed Natasha
  1388 | D:1      | XOM: butterfly on damage
  1390 | D:1      | Slain by Natasha
  1451 | D:2      | Reached skill level 1 in Spellcasting
  1451 | D:2      | Reached skill level 1 in Earth Magic
  1506 | D:2      | XOM: give mutations
  1506 | D:2      | Gained mutation: You possess an exceptional clarity of
                  | mind. [Xom's mischief]
  1506 | D:2      | Gained mutation: You have hidden genetic potential. [Xom's
                  | mischief]
  1506 | D:2      | Gained mutation: Your muscles are strong. (Str +4, Int/Dex
                  | -1) [Xom's mischief]
  1506 | D:2      | Gained mutation: Your magical capacity is low. (-10% MP)
                  | [Xom's mischief]
  1592 | D:2      | Found Xufeop's Distillery.
  1750 | D:2      | XOM: summons 3 hostile shadow creatures
  1984 | D:2      | XOM is BORED!
  2041 | D:2      | Reached skill level 2 in Earth Magic
  2332 | D:2      | Reached XP level 4. HP: 21/21 MP: 2/5
  2493 | D:3      | Found Wanio's Book Shoppe.
  2552 | D:3      | Found a broken altar of Ashenzari.
  2629 | D:3      | Gained mutation: You have great hidden genetic potential.
                  | [hidden potential]
  2737 | D:3      | Reached skill level 3 in Earth Magic
  2803 | D:3      | XOM: butterfly on damage
  2852 | D:2      | Learned a level 3 spell: Stone Arrow
  2987 | D:3      | Identified the ring of Amaf {rElec rPois rF+ rCorr}
  3147 | D:3      | Reached skill level 1 in Conjurations
  3147 | D:3      | Reached XP level 5. HP: 24/24 MP: 3/6
  3162 | D:3      | Gained mutation: You have a pair of small antennae on your
                  | head. [hidden potential]
  3162 | D:3      | Lost mutation: You have great hidden genetic potential.
                  | [hidden potential expressed]
  3639 | D:4      | Found a runed translucent door.
  3639 | D:4      | Noticed Ratslayer's ghost (amateur DsBe)
  4126 | D:4      | Found a staircase to the Ecumenical Temple.
  4206 | D:4      | Reached skill level 2 in Conjurations
  4409 | D:4      | Reached skill level 4 in Earth Magic
  4464 | D:4      | XOM is BORED!
  4698 | D:4      | XOM: divination: magic mapping
  4862 | D:4      | XOM: butterfly on damage
  4867 | D:4      | Gained mutation: You are covered in thick fur. (AC +2)
                  | [Felid growth]
  4867 | D:4      | Reached XP level 6. HP: 9/28 MP: 1/7
  4992 | D:4      | Gained mutation: You are partially covered in large bone
                  | plates. (SH +4) [hidden potential]
  5131 | D:5      | Entered Level 5 of the Dungeon
  5131 | D:5      | Noticed Prince Ribbit
  5133 | D:5      | Prince Ribbit changed into Prince Ribbit the raiju
  5133 | D:5      | Noticed Prince Ribbit
  5133 | D:5      | XOM: polymorph Prince Ribbit -> Prince Ribbit the raiju
  5235 | D:4      | XOM: butterfly on damage
  5252 | D:4      | XOM: confuse monster(s)
  5261 | D:4      | XOM: swap monsters
  5267 | D:4      | XOM: enchant monster (good)
  5341 | D:4      | XOM: silly message
  5471 | D:4      | XOM: divination: detect items
  5576 | D:4      | XOM: divination: detect creatures
  5691 | D:4      | XOM: cast spell 'Summon Small Mammal'
  5705 | D:4      | XOM: 2-stop teleportation journey
  5773 | D:4      | XOM: give mutations
  5773 | D:4      | Gained mutation: Your spells are a little easier to cast,
                  | but a little less powerful. [Xom's mischief]
  5773 | D:4      | Lost mutation: Your magical capacity is low. (-10% MP)
                  | [Xom's mischief]
  5773 | D:4      | Gained mutation: Your muscles are very strong. (Str +8,
                  | Int/Dex -2) [Xom's mischief]
  5806 | D:4      | XOM: give mutations
  5806 | D:4      | Gained mutation: Your body sometimes deteriorates upon
                  | taking damage. [Xom's mischief]
  5806 | D:4      | Lost mutation: You have hidden genetic potential. [Xom's
                  | mischief]
  5806 | D:4      | Gained mutation: You are frail. (-10% HP) [Xom's mischief]
  5806 | D:4      | Lost mutation: You possess an exceptional clarity of mind.
                  | [Xom's mischief]
  5964 | D:4      | Found a staircase to the Ecumenical Temple.
  6019 | D:4      | XOM: give mutations
  6019 | D:4      | Lost mutation: You are frail. (-10% HP) [Xom's mischief]
  6019 | D:4      | Gained mutation: You expend magic power (3 MP) to
                  | strengthen your wands. [Xom's mischief]
  6019 | D:4      | Gained mutation: You possess an exceptional clarity of
                  | mind. [Xom's mischief]
  6019 | D:4      | Lost mutation: You are partially covered in large bone
                  | plates. (SH +4) [Xom's mischief]
  6126 | D:4      | XOM: blink monster(s)
  6142 | D:4      | XOM: torment (15/28 hp)
  6256 | D:4      | XOM: give mutation
  6256 | D:4      | Lost mutation: You expend magic power (3 MP) to strengthen
                  | your wands. [Xom's mischief]
  6370 | D:2      | Killed Natasha
  6869 | D:2      | Found Xufeop's Distillery.
  6889 | D:2      | Noticed Natasha
  6902 | D:2      | XOM: cast spell 'Leda's Liquefaction'
  7258 | D:1      | Killed Natasha
  7277 | D:1      | Noticed Natasha
  7290 | D:1      | Killed Natasha
  7497 | D:2      | Bought a potion of might for 44 gold pieces
  7497 | D:2      | Bought a potion of degeneration for 11 gold pieces
  7720 | D:4      | XOM: confuse monster(s)
  7724 | D:4      | XOM: silly message
  7739 | D:4      | XOM: divination: magic mapping
  7744 | D:4      | XOM: divination: magic mapping
  7750 | D:4      | XOM: potion effect (heal wounds)
  7887 | D:5      | Noticed Duvessa
  7924 | D:6      | XOM: 1-stop teleportation journey
  7933 | D:6      | Reached skill level 4 in Dodging
  8023 | D:6      | Reached skill level 2 in Spellcasting
  8176 | D:6      | XOM: silly message
  8222 | D:6      | XOM: 1-stop teleportation journey
  8236 | D:6      | Found a burning altar of Makhleb.
  8255 | D:6      | Lost mutation: You possess an exceptional clarity of mind.
                  | [potion of mutation]
  8255 | D:6      | Lost mutation: Your muscles are very strong. (Str +8,
                  | Int/Dex -2) [potion of mutation]
  8255 | D:6      | Lost mutation: Your spells are a little easier to cast, but
                  | a little less powerful. [potion of mutation]
  8255 | D:6      | Gained mutation: Your natural rate of healing is unusually
                  | fast. [potion of mutation]
  8255 | D:6      | Lost mutation: Your body sometimes deteriorates upon taking
                  | damage. [potion of mutation]
  8261 | D:6      | Slain by an iguana
  8480 | D:7      | Noticed Menkaure
  8488 | D:6      | Found a snail-covered altar of Cheibriados.
  8490 | D:6      | Noticed an orc warrior
  8493 | D:6      | XOM: cast spell 'Dispersal'
  8526 | D:6      | Reached XP level 7. HP: 31/31 MP: 4/11
  8591 | D:6      | XOM: divination: magic mapping
  8648 | D:6      | Reached skill level 5 in Dodging
  8648 | D:6      | Reached skill level 3 in Spellcasting
  8648 | D:6      | Reached skill level 5 in Earth Magic
  8731 | D:6      | XOM: noise
  8747 | D:7      | Killed Menkaure
  8824 | D:7      | Reached skill level 3 in Conjurations
  8969 | D:6      | Reached skill level 4 in Fighting
  9074 | D:7      | XOM: potion effect (haste)
  9291 | D:7      | Noticed Pikel
  9307 | D:7      | XOM: potion effect (haste)
  9310 | D:7      | XOM: potion effect (brilliance)
  9363 | D:7      | XOM: potion effect (magic)
  9367 | D:7      | Killed Pikel
  9368 | D:7      | Reached skill level 5 in Fighting
  9368 | D:7      | Reached skill level 4 in Conjurations
  9368 | D:7      | Reached XP level 8. HP: 37/37 MP: 6/13
  9406 | D:6      | XOM: silly message
  9530 | D:6      | XOM: silly message
  9546 | D:6      | Reached skill level 5 in Conjurations
  9582 | D:6      | Found an ornate altar of the Wu Jian Council.
  9582 | D:6      | XOM: 3-stop teleportation journey
  9667 | D:6      | Found a white marble altar of Elyvilon.
 10225 | D:7      | XOM: silly message
 10470 | D:7      | XOM: potion effect (haste)
 10497 | D:7      | XOM: cloud trail
 10564 | D:7      | XOM: enchant monster (good)
 11000 | D:7      | Noticed Maggie
 11064 | D:7      | Noticed Joseph
 11173 | D:7      | Reached skill level 6 in Dodging
 11173 | D:7      | Reached XP level 9. HP: 40/40 MP: 8/15
 11351 | D:7      | Killed Joseph
 11352 | D:7      | Reached skill level 4 in Spellcasting
 11377 | D:7      | XOM: enchant monster (good)
 11446 | D:7      | XOM: silly message
 11504 | D:7      | XOM: noise
 11621 | D:7      | Found a radiant altar of Vehumet.
 11621 | D:7      | Found a glowing silver altar of Zin.
 11645 | D:7      | Found a runed translucent door.
 11646 | D:7      | Noticed Crazy Yiuf
 11751 | D:7      | XOM: give mutations
 11751 | D:7      | Gained mutation: You have a somewhat thin skeletal
                  | structure. (Dex +2, Stealth+) [Xom's grace]
 11751 | D:7      | Gained mutation: You expend magic power (3 MP) to
                  | strengthen your wands. [Xom's grace]
 11751 | D:7      | Gained mutation: You are robust. (+10% HP) [Xom's grace]
 11782 | D:7      | Killed Crazy Yiuf
 11887 | D:5      | Noticed Dowan
 11887 | D:5      | XOM: chaos upgrade
 12033 | D:8      | Noticed Maurice
 12048 | D:8      | Killed Maurice
 12049 | D:8      | Reached skill level 6 in Fighting
 12067 | D:8      | XOM: cast spell 'Summon Cactus Giant'
 12074 | D:8      | Noticed Erica
 12223 | D:8      | XOM: noise
 12229 | D:7      | XOM: scenery: summon butterflies
 12255 | D:7      | a yak changed into a black mamba
 12255 | D:7      | Noticed a black mamba
 12255 | D:7      | XOM: polymorph yak -> black mamba
 12267 | D:7      | XOM: fog
 12301 | D:8      | Noticed Jeremiah
 12311 | D:8      | Killed Jeremiah
 12312 | D:8      | Reached skill level 7 in Dodging
 12312 | D:8      | Reached skill level 6 in Conjurations
 12312 | D:8      | Reached skill level 6 in Earth Magic
 12504 | D:9      | Found a basalt altar of Yredelemnul.
 12526 | D:9      | Found a large runed translucent door.
 12527 | D:9      | Found a large runed translucent door.
 12555 | D:9      | Found a glowing golden altar of the Shining One.
 12677 | D:9      | Noticed a two-headed ogre
 12712 | D:9      | Identified the +9 dagger of the Extremes {heavy, rCorr
                  | Int-3 Dex+7}
 13093 | D:9      | Noticed a troll
 13113 | D:9      | a troll changed into a raiju
 13113 | D:9      | XOM: polymorph troll -> raiju
 13122 | D:9      | XOM: stat loss: -1 Str (17/18)
 13131 | D:9      | XOM: swap monsters
 13135 | D:9      | Reached skill level 5 in Spellcasting
 13259 | D:9      | You fall into a shaft and drop 3 floors!
 13389 | D:12     | XOM: stat loss: -1 Int (13/14)
 13428 | D:12     | Noticed a cyclops
 13428 | D:12     | a cyclops changed into a merfolk
 13428 | D:12     | Noticed a merfolk
 13428 | D:12     | XOM: polymorph cyclops -> merfolk
 13455 | D:12     | XOM: swap monsters
 13473 | D:12     | XOM: silly message
 13504 | D:12     | XOM: confusion
 13524 | D:12     | Killed a merfolk
 13524 | D:12     | Shot with an arrow by a centaur
 13525 | D:12     | Reached XP level 10. HP: 50/50 MP: 18/18
 13570 | D:12     | Noticed a gargoyle
 13586 | D:12     | Noticed a boulder beetle
 13610 | D:12     | Reached skill level 7 in Fighting
 13611 | D:12     | XOM: 2-stop teleportation journey
 13633 | D:13     | Noticed a harpy
 13636 | D:13     | a harpy changed into a spriggan
 13637 | D:13     | Noticed a manticore
 13637 | D:13     | Noticed a cyclops
 13659 | D:13     | XOM: summons 4 hostile demons
 13662 | D:13     | XOM: smoke on damage
 13666 | D:13     | XOM: butterfly on damage
 13669 | D:13     | Slain by a red devil
 13773 | D:13     | XOM: silly message
 13810 | D:13     | Noticed a centaur warrior
 13827 | D:13     | Killed a centaur warrior
 13828 | D:13     | Reached skill level 7 in Conjurations
 13828 | D:13     | Reached skill level 7 in Earth Magic
 14014 | D:13     | Noticed a swamp dragon
 14015 | D:13     | a swamp dragon changed into a jumping spider
 14017 | D:12     | XOM: silly message
 14026 | D:12     | XOM: summons friendly shadow imp
 14028 | D:12     | HP: 1/51 [ufetubus (4)]
 14177 | D:12     | XOM: polymorph ufetubus -> white imp
 14241 | D:12     | XOM: silly message
 14248 | D:12     | Killed a boulder beetle
 14249 | D:12     | Reached skill level 6 in Spellcasting
 14770 | D:12     | Found a staircase to the Orcish Mines.
 14770 | D:12     | XOM: 4-stop teleportation journey
 14781 | D:11     | XOM: noise
 14783 | D:11     | Noticed a cyclops
 14791 | D:11     | Noticed a cyclops
 14799 | D:12     | Noticed a cyclops
 14808 | D:11     | Killed a cyclops
 14809 | D:11     | Reached skill level 8 in Fighting
 14844 | D:11     | Noticed a five-headed hydra
 14876 | D:11     | XOM: summons 8 friendly demons
 14877 | D:11     | XOM: potion effect (magic)
 14887 | D:11     | Noticed a cyclops
 14919 | D:11     | a cyclops changed into a skyshark
 14919 | D:11     | Noticed a skyshark
 14919 | D:11     | XOM: polymorph cyclops -> skyshark
 14920 | D:10     | Entered Level 10 of the Dungeon
 14945 | D:9      | XOM: enchant monster (good)
 14960 | D:9      | Noticed Harold
 15086 | D:10     | XOM: noise
 15412 | D:9      | Learned a level 4 spell: Brom's Barrelling Boulder
 15483 | D:9      | XOM: silly message
 15516 | D:9      | XOM: silly message
 15620 | D:9      | XOM: potion effect (might)
 15628 | D:9      | XOM: silly message
 15629 | D:9      | XOM: potion effect (brilliance)
 15637 | D:9      | XOM: silly message
 15643 | D:9      | Killed Harold
 15644 | D:9      | Reached skill level 8 in Conjurations
 15644 | D:9      | Reached skill level 8 in Earth Magic
 15644 | D:9      | Reached XP level 11. HP: 56/56 MP: 11/22
 15690 | D:9      | XOM: silly message
 15822 | D:9      | Found a shimmering blue altar of Sif Muna.
 15886 | D:9      | XOM: silly message
 15974 | D:9      | Noticed kal9871's ghost (novice TrFi)
 16141 | D:9      | XOM: silly message
 16146 | D:9      | Noticed Gastronok
 16473 | D:9      | XOM: potion effect (brilliance)
 16474 | D:9      | XOM: confuse monster(s)
 16482 | D:9      | XOM: summons 7 friendly demons
 16483 | D:9      | XOM: summons 5 friendly demons
 16487 | D:9      | XOM: summons friendly quasit
 16497 | D:9      | Killed a two-headed ogre
 16498 | D:9      | Reached skill level 4 in Stealth
 16508 | D:9      | Killed kal9871's ghost
 16509 | D:9      | Reached skill level 7 in Spellcasting
 16706 | D:8      | XOM: destruction
 16798 | D:8      | Killed Erica
 16799 | D:8      | Reached skill level 5 in Stealth
 16847 | D:8      | Identified the +2 leather armour "Vudghar" {+Blink Will+
                  | MP+9 Str+4}
 16857 | D:8      | Reached skill level 8 in Dodging
 16943 | D:8      | XOM: give mutations
 16943 | D:8      | Gained mutation: You are somewhat resistant to further
                  | mutation. [Xom's grace]
 16943 | D:8      | Gained mutation: You are strong-willed. (Will+) [Xom's
                  | grace]
 17030 | D:8      | Found a blossoming altar of Fedhas.
 17276 | D:5      | Prince Ribbit the raiju changed into Prince Ribbit the
                  | basilisk
 17276 | D:5      | Noticed Prince Ribbit
 17276 | D:5      | XOM: polymorph Prince Ribbit the raiju -> Prince Ribbit the
                  | basilisk
 17284 | D:6      | Killed Prince Ribbit the basilisk
 17411 | D:5      | Killed Duvessa
 17563 | D:6      | XOM: silly message
 17785 | D:5      | Killed Dowan
 17961 | D:3      | XOM: give mutations
 17961 | D:3      | Gained mutation: You are very robust. (+20% HP) [Xom's
                  | grace]
 17961 | D:3      | Gained mutation: Your flesh is heat resistant. (rF+) [Xom's
                  | grace]
 17989 | D:2      | Bought a potion of invisibility for 88 gold pieces
 18220 | D:4      | XOM: scenery: 1 doors close
 18424 | D:4      | XOM: blink monster(s)
 18436 | D:4      | Killed Ratslayer's ghost
 18842 | D:5      | Found a sparkling altar of Nemelex Xobeh.
 18886 | D:5      | XOM: give mutations
 18886 | D:5      | Gained mutation: You have an increased reservoir of magic.
                  | (+10% MP) [Xom's grace]
 18886 | D:5      | Gained mutation: You are somewhat resistant to both further
                  | mutation and mutation removal. [Xom's grace]
 18886 | D:5      | Gained mutation: You possess an exceptional clarity of
                  | mind. [Xom's grace]
 19081 | D:5      | XOM: give mutations
 19081 | D:5      | Lost mutation: You are very robust. (+20% HP) [Xom's
                  | mischief]
 19081 | D:5      | Lost mutation: You are somewhat resistant to both further
                  | mutation and mutation removal. [Xom's mischief]
 19081 | D:5      | Lost mutation: Your muscles are strong. (Str +4, Int/Dex
                  | -1) [Xom's mischief]
 19135 | D:8      | Learned a level 4 spell: Iskenderun's Mystic Blast
 19159 | D:8      | XOM: silly message
 19166 | D:9      | XOM: scenery: 2 doors close
 19222 | D:10     | Reached skill level 1 in Translocations
 19225 | D:10     | Reached skill level 1 in Evocations
 19230 | D:10     | XOM: polymorph water moccasin -> fire bat
 19236 | D:10     | Reached skill level 2 in Translocations
 19257 | D:9      | XOM: give mutations
 19257 | D:9      | Gained mutation: You are resistant to electric shocks.
                  | (rElec) [Xom's grace]
 19257 | D:9      | Gained mutation: Your system is resistant to poisons.
                  | (rPois) [Xom's grace]
 19318 | D:9      | XOM: scenery: 1 doors close
 19319 | D:9      | XOM: god gift: book of the Wilderness
 19380 | D:10     | XOM: 2-stop teleportation journey
 19455 | D:10     | XOM: noise
 19685 | D:10     | Reached skill level 2 in Evocations
 19718 | D:10     | Found a staircase to the Lair.
 19762 | D:10     | Found a transporter.
 19762 | D:10     | Found a transporter.
 19762 | D:10     | Noticed ongoing's ghost (journeyman DEHs)
 19915 | D:10     | Reached skill level 3 in Translocations
 19923 | D:10     | Reached skill level 9 in Dodging
 20042 | D:10     | Found a bloodstained altar of Trog.
 20269 | D:10     | XOM: destruction
 20282 | D:10     | XOM: summons friendly shadow imp
 20293 | D:10     | XOM: potion effect (haste)
 20860 | D:10     | XOM: divination: detect creatures
 20913 | D:10     | XOM: silly message
 21049 | D:11     | XOM: silly message
 21080 | D:11     | Reached skill level 4 in Translocations
 21080 | D:11     | Reached skill level 3 in Evocations
 21081 | D:11     | XOM: divination: detect items
 21101 | D:11     | XOM: cast spell 'Dispersal'
 21105 | D:11     | Killed a skyshark
 21310 | D:11     | Gained mutation: Your thick and shaggy fur keeps you warm.
                  | (AC +3, rC+) [Felid growth]
 21310 | D:11     | Reached XP level 12. HP: 59/61 MP: 23/26
 21327 | D:11     | XOM: divination: detect creatures
 21484 | D:11     | XOM: enchant monster (good)
 21494 | D:11     | Killed a five-headed hydra
 21495 | D:11     | Reached skill level 5 in Translocations
 21859 | Lair:1   | Entered Level 1 of the Lair of Beasts
 21957 | Lair:1   | Reached skill level 4 in Evocations
 22061 | Lair:1   | XOM is BORED!
 22061 | Lair:1   | XOM: 2-stop teleportation journey
 22083 | Lair:1   | XOM: confuse monster(s)
 22101 | Lair:1   | Reached skill level 9 in Fighting
 22111 | Lair:1   | Reached skill level 10 in Dodging
 22193 | Lair:1   | XOM: 1-stop teleportation journey
 22371 | Lair:1   | XOM: noise
 22388 | Lair:1   | XOM: summons 3 hostile demons
 22430 | Lair:1   | Reached skill level 6 in Translocations
 22702 | Lair:1   | XOM: enchant monster (bad)
 22894 | Lair:1   | XOM: divination: detect creatures
 22898 | Lair:1   | XOM: potion effect (brilliance)
 22924 | Lair:1   | Reached skill level 5 in Evocations
 23146 | Lair:1   | Reached skill level 7 in Translocations
 23209 | Lair:1   | Identified the "Jokuaxel" (Xom gifted it to you on level 1
                  | of the Lair of Beasts)
 23209 | Lair:1   | XOM: god gift: Xom's Octavo of the Arcane
 23638 | Lair:1   | Reached skill level 11 in Dodging
 23755 | Lair:1   | Reached skill level 8 in Translocations
 24475 | Lair:2   | Reached skill level 10 in Fighting
 24733 | Lair:2   | XOM: noise
 24734 | Lair:2   | Found a staircase to the Shoals.
 24784 | Lair:2   | XOM: give mutation
 24784 | Lair:2   | Lost mutation: You are strong-willed. (Will+) [Xom's
                  | mischief]
 24802 | Lair:2   | Reached skill level 9 in Translocations
 25464 | Lair:2   | XOM: potion effect (invisibility)
 25546 | Lair:2   | XOM: polymorph yak -> shapeshifter
 25564 | Lair:2   | XOM: summons friendly shadow imp
 25565 | Lair:2   | XOM: silly message
 25579 | Lair:2   | Reached skill level 12 in Dodging
 25584 | Lair:2   | XOM: enchant monster (good)
 26211 | Lair:2   | Found a shimmering altar of Xom.
 26237 | Lair:2   | XOM is BORED!
 26237 | Lair:2   | XOM: noise
 26431 | Lair:2   | XOM: scenery: summon butterflies
 26722 | Lair:3   | Noticed a death yak
 26782 | Lair:3   | Reached skill level 10 in Translocations
 26907 | Lair:3   | Reached XP level 13. HP: 67/67 MP: 26/27
 27020 | Lair:3   | Reached skill level 13 in Dodging
 27070 | Lair:3   | XOM: god gift: 602 gold pieces
 27198 | D:7      | XOM: god gift: wand of polymorph (5)
 27227 | D:6      | XOM: god gift: staff of earth
 27304 | D:3      | Bought a manual of Fighting for 880 gold pieces
 27304 | D:3      | Bought a book of Spatial Translocations for 198 gold pieces
 27307 | D:3      | Learned a level 2 spell: Blink
 27313 | D:3      | Learned a level 5 spell: Summon Forest
 27753 | Lair:3   | Identified a scroll of acquirement
 27754 | Lair:3   | Identified the of Pyiwam (You acquired it on level 3 of
                  | the Lair of Beasts)
 27754 | Lair:3   | Acquired an amulet of magic regeneration
 27803 | Lair:3   | Reached skill level 1 in Summonings
 27986 | Lair:3   | XOM: divination: detect creatures
 27999 | Lair:3   | XOM: god gift: 2 boomerangs
 28003 | Lair:3   | XOM: cast spell 'Dispersal'
 28023 | Lair:3   | XOM: potion effect (invisibility)
 28026 | Lair:3   | XOM: give mutation
 28026 | Lair:3   | Gained mutation: Your flesh is cold resistant. (rC+) [Xom's
                  | grace]
 28027 | Lair:3   | XOM: divine lightning
 28100 | Lair:3   | XOM is BORED!
 28100 | Lair:3   | XOM: give mutations
 28100 | Lair:3   | Lost mutation: You have a pair of small antennae on your
                  | head. [Xom's mischief]
 28100 | Lair:3   | Gained mutation: You occasionally lose the ability to read
                  | scrolls when taking damage. [Xom's mischief]
 28100 | Lair:3   | Lost mutation: You are robust. (+10% HP) [Xom's mischief]
 28123 | Lair:3   | Found a staircase to the Snake Pit.
 28202 | Lair:3   | Reached skill level 2 in Summonings
 28270 | Lair:3   | XOM: god gift: 46 gold pieces
 28395 | Lair:3   | XOM: 2-stop teleportation journey
 28696 | Lair:3   | XOM: 4-stop teleportation journey
 28845 | Lair:4   | Reached skill level 8 in Spellcasting
 28949 | Lair:4   | Reached skill level 3 in Summonings
 28962 | Lair:4   | Reached skill level 11 in Fighting
 29139 | Lair:4   | XOM: polymorph five-headed hydra -> jorogumo
 29140 | Lair:4   | XOM: summons friendly iron imp
 29231 | Lair:4   | XOM: summons 4 hostile demons
 29326 | Lair:4   | Found a runed translucent door.
 29326 | Lair:4   | XOM: 1-stop teleportation journey
 29490 | Lair:4   | XOM: give mutations
 29490 | Lair:4   | Gained mutation: You are dopey. (Int -2) [Xom's mischief]
 29490 | Lair:4   | Lost mutation: Your flesh is cold resistant. (rC+) [Xom's
                  | mischief]
 29490 | Lair:4   | Lost mutation: You expend magic power (3 MP) to strengthen
                  | your wands. [Xom's mischief]
 29490 | Lair:4   | Lost mutation: You have a somewhat thin skeletal structure.
                  | (Dex +2, Stealth+) [Xom's mischief]
 29564 | Lair:4   | XOM: 3-stop teleportation journey
 29735 | Lair:4   | Reached skill level 14 in Dodging
 29875 | Lair:4   | Reached skill level 4 in Summonings
 30211 | Lair:4   | Found a staircase to the Slime Pits.
 30303 | Lair:4   | XOM: silly message
 30322 | Lair:4   | XOM: summons 3 friendly demons
 30433 | Lair:4   | XOM: torment (33/64 hp)
 30782 | Lair:4   | XOM: stat loss: -1 Int (12/13)
 30835 | IceCv    | Identified the "Vora"
 30835 | Lair:5   | Entered Level 5 of the Lair of Beasts
 30893 | Lair:5   | Reached skill level 12 in Fighting
 30998 | Lair:5   | XOM: divination: detect creatures
 31004 | Lair:5   | XOM: give mutation
 31004 | Lair:5   | Gained mutation: You are robust. (+10% HP) [Xom's grace]
 31007 | Lair:5   | XOM: silly message
 31057 | Lair:5   | Reached skill level 5 in Summonings
 31113 | Lair:5   | Reached skill level 9 in Spellcasting
 31179 | Lair:5   | Noticed Urug
 31189 | Lair:5   | Killed Urug
 31205 | Lair:5   | Found a frozen archway.
 31350 | Lair:5   | XOM: polymorph dryad -> komodo dragon
 31650 | Lair:5   | Noticed Sonja
 31651 | Lair:5   | Sonja changed into Sonja the hog
 31651 | Lair:5   | Noticed Sonja
 31653 | Lair:5   | Killed Sonja the hog
 31672 | Lair:5   | Reached XP level 14. HP: 75/75 MP: 18/30
 31795 | Lair:5   | XOM: 5-stop teleportation journey
 31902 | Lair:5   | XOM: 1-stop teleportation journey
 31926 | Lair:5   | XOM: silly message
 31979 | Lair:5   | Reached skill level 13 in Fighting
 32064 | Lair:5   | XOM: silly message
 32153 | Lair:5   | XOM: cast spell 'Metabolic Englaciation'
 32219 | Lair:5   | XOM: blink monster(s)
 32226 | Lair:5   | Reached skill level 6 in Summonings
 32596 | Lair:5   | XOM: scenery: create altars
 32626 | Lair:5   | Identified the ring of Otockiv {rN+ rCorr}
 32656 | Lair:5   | XOM: divination: detect items
 33322 | Lair:2   | XOM: give mutations
 33322 | Lair:2   | Gained mutation: You are very robust. (+20% HP) [Xom's
                  | grace]
 33322 | Lair:2   | Gained mutation: You have a pair of small antennae on your
                  | head. [Xom's grace]
 33322 | Lair:2   | Gained mutation: You expend magic power (3 MP) to
                  | strengthen your wands. [Xom's grace]
 33322 | Lair:2   | Gained mutation: You are partially covered in iridescent
                  | scales. (AC +2) [Xom's grace]
 33330 | Lair:1   | XOM: summons 4 hostile shadow creatures
 33548 | D:12     | XOM: give mutations
 33548 | D:12     | Gained mutation: Your muscles are strong. (Str +4, Int/Dex
                  | -1) [Xom's mischief]
 33548 | D:12     | Lost mutation: You are somewhat resistant to further
                  | mutation. [Xom's mischief]
 33548 | D:12     | Lost mutation: You occasionally lose the ability to read
                  | scrolls when taking damage. [Xom's mischief]
 33548 | D:12     | Lost mutation: You possess an exceptional clarity of mind.
                  | [Xom's mischief]
 33634 | D:12     | XOM: silly message
 34354 | D:12     | XOM: divination: detect creatures
 34491 | D:12     | XOM: god gift: 13 gold pieces
 34597 | D:13     | XOM: cloud trail
 34769 | D:13     | Learned a level 5 spell: Irradiate
 34918 | D:13     | Reached skill level 14 in Fighting
 34918 | D:13     | Reached skill level 10 in Spellcasting
 34918 | D:13     | Reached skill level 7 in Summonings
 34999 | D:13     | XOM: fake destruction
 35000 | D:13     | Reached skill level 1 in Transmutations
 35005 | D:13     | XOM: cleaving
 35014 | D:13     | Reached skill level 2 in Transmutations
 35109 | D:13     | XOM: confuse monster(s)
 35238 | D:13     | Reached skill level 3 in Transmutations
 35442 | D:13     | Reached skill level 4 in Transmutations
 35479 | D:13     | XOM: give mutations
 35479 | D:13     | Gained mutation: Your muscles are very strong. (Str +8,
                  | Int/Dex -2) [Xom's grace]
 35479 | D:13     | Gained mutation: You have very sharp fingernails. [Xom's
                  | grace]
 35479 | D:13     | Gained mutation: You are agile. (Dex +4, Str/Int -1) [Xom's
                  | grace]
 35668 | Orc:1    | Entered Level 1 of the Orcish Mines
 35740 | Orc:2    | Entered Level 2 of the Orcish Mines
 35817 | Orc:2    | XOM is BORED!
 36053 | Orc:2    | XOM: summons 2 hostile demons
 36190 | Orc:2    | Reached skill level 5 in Transmutations
 36208 | Orc:2    | XOM: 3-stop teleportation journey
 36339 | Orc:2    | XOM: confuse monster(s)
 36345 | Orc:2    | Reached skill level 6 in Transmutations
 36374 | Orc:2    | Found Ocedas's Overcharged Wands.
 36374 | Orc:2    | XOM: 3-stop teleportation journey
 36507 | Orc:2    | XOM: noise
 36781 | Orc:2    | XOM: scenery: summon butterflies
 36862 | Orc:2    | Noticed an orc warlord
 36873 | Orc:2    | Reached skill level 7 in Transmutations
 36880 | Orc:2    | XOM: potion effect (magic)
 36887 | Orc:2    | Killed an orc warlord
 36929 | Orc:2    | XOM: 3-stop teleportation journey
 37161 | Orc:2    | Reached skill level 8 in Transmutations
 37234 | Orc:2    | Found Mit Geu's Antique Weapon Emporium.
 37248 | Orc:2    | Found Fupo Aff's Antique Armour Emporium.
 37280 | Orc:2    | Found Sosi's Jewellery Emporium.
 37295 | Orc:2    | Found Vumaim's General Store.
 37302 | Orc:2    | Bought a scroll of teleportation for 33 gold pieces
 37302 | Orc:2    | Bought a scroll of teleportation for 33 gold pieces
 37302 | Orc:2    | Bought a scroll of fear for 44 gold pieces
 37467 | Orc:2    | Found a staircase to the Elven Halls.
 37541 | Orc:1    | Noticed an orc warlord
 37603 | Orc:2    | Bought a wand of paralysis (18) for 648 gold pieces
 37603 | Orc:2    | Bought a wand of digging (11) for 693 gold pieces
 37654 | D:13     | XOM: scenery: 1 doors close
 37820 | D:14     | Found a gate to the Vaults.
 38123 | D:14     | Reached skill level 9 in Conjurations
 38144 | D:13     | Lost mutation: You are partially covered in iridescent
                  | scales. (AC +2) [mutagenic glow]
 38156 | D:13     | Gained mutation: You occasionally lose the ability to drink
                  | potions when taking damage. [mutagenic glow]
 38237 | D:14     | Found the +8 arc blade {discharge, rElec}
 38244 | D:14     | Noticed a storm dragon
 38250 | D:14     | XOM: destruction
 38260 | D:14     | Killed a storm dragon
 38349 | D:14     | XOM: noise
 38407 | D:13     | XOM: confuse monster(s)
 38408 | D:13     | XOM: potion effect (magic)
 38451 | D:13     | Reached XP level 15. HP: 82/90 MP: 30/32
 38453 | D:13     | Reached skill level 9 in Transmutations
 38644 | D:14     | XOM: scenery: 2 doors close
 38790 | D:14     | XOM: 2-stop teleportation journey
 38919 | D:14     | XOM: cast spell 'Alistair's Intoxication'
 38979 | D:14     | Learned a level 2 spell: Passwall
 38984 | D:14     | Learned a level 4 spell: Vhi's Electric Charge
 39137 | D:14     | XOM: cloud trail
 39166 | D:14     | XOM: give mutation
 39166 | D:14     | Gained mutation: You have hidden genetic potential. [Xom's
                  | grace]
 39372 | D:14     | XOM: cloud trail
 39430 | D:15     | Entered Level 15 of the Dungeon
 39437 | D:15     | XOM: confuse monster(s)
 39727 | D:15     | Noticed Kirke
 39737 | D:15     | Killed Kirke
 39738 | D:15     | Reached skill level 10 in Transmutations
 39816 | D:15     | XOM: noise
 39861 | D:15     | Reached skill level 10 in Conjurations
 39982 | D:15     | Found a shimmering altar of Xom.
 40010 | D:15     | Found the +7 mace of Variability {chaos, chaos arc}
 40320 | D:15     | XOM is BORED!
 40320 | D:15     | XOM: noise
 40516 | D:15     | XOM: enchant monster (good)
 40577 | D:15     | XOM: 1-stop teleportation journey
 40641 | D:15     | Reached skill level 11 in Spellcasting
 40695 | D:15     | XOM: smoke on damage
 41222 | D:15     | XOM: divination: magic mapping
 41555 | Snake:1  | XOM: stealth player
 41555 | Snake:1  | Entered Level 1 of the Snake Pit
 41688 | Snake:1  | Learned a level 5 spell: Summon Mana Viper
 41719 | Snake:1  | Reached skill level 1 in Hexes
 41821 | Snake:1  | XOM: polymorph naga sharpshooter -> jumping spider
 41832 | Snake:1  | Reached skill level 2 in Hexes
 41844 | Snake:1  | XOM: divination: magic mapping
 41858 | Snake:1  | Reached skill level 3 in Hexes
 41963 | Snake:1  | Reached skill level 12 in Spellcasting
 42006 | Lair:3   | XOM: divination: detect creatures
 42062 | Snake:1  | Reached skill level 4 in Hexes
 42169 | Snake:1  | XOM: scenery: summon butterflies
 42260 | Snake:1  | XOM: snakes to sticks
 42263 | Snake:1  | XOM: confuse monster(s)
 42264 | Snake:1  | XOM: enchant monster (good)
 42269 | Snake:1  | XOM: divination: detect creatures
 42280 | Snake:1  | Reached skill level 5 in Hexes
 42294 | Snake:1  | Identified the ring "Oquec" {rF+ Will- EV+5 Str+8} (Xom
                  | gifted it to you on level 1 of the Snake Pit)
 42294 | Snake:1  | XOM: god gift: ring "Oquec" {rF+ Will- EV+5 Str+8}
 42423 | Snake:1  | XOM is BORED!
 42423 | Snake:1  | XOM: give mutations
 42423 | Snake:1  | Lost mutation: You have very sharp fingernails. [Xom's
                  | mischief]
 42423 | Snake:1  | Lost mutation: You have an increased reservoir of magic.
                  | (+10% MP) [Xom's mischief]
 42423 | Snake:1  | Lost mutation: Your natural rate of healing is unusually
                  | fast. [Xom's mischief]
 42423 | Snake:1  | Lost mutation: You are resistant to electric shocks.
                  | (rElec) [Xom's mischief]
 42561 | Snake:1  | XOM: fog
 42578 | Snake:1  | XOM: divination: detect items
 42715 | Snake:1  | Reached skill level 6 in Hexes
 42787 | Snake:2  | Noticed Vashnia
 42838 | Snake:1  | XOM: summons 8 hostile demons
 42880 | Snake:2  | XOM: summons 1 hostile shadow creature
 43642 | Snake:2  | XOM: enchant monster (bad)
 43645 | Snake:2  | XOM: silly message
 43660 | Snake:2  | XOM: summons 7 friendly demons
 43664 | Snake:2  | XOM: 4-stop teleportation journey
 43712 | Snake:2  | XOM: fog
 43739 | Snake:2  | XOM: confuse monster(s)
 43742 | Snake:2  | Reached skill level 1 in Shapeshifting
 43745 | Snake:2  | Reached skill level 7 in Hexes
 43901 | Snake:2  | Reached XP level 16. HP: 84/94 MP: 25/33
 43969 | Snake:2  | XOM: cloud trail
 44092 | Snake:2  | XOM: fog
 44095 | Snake:2  | Reached skill level 2 in Shapeshifting
 44140 | Snake:2  | XOM: fog
 44309 | Snake:2  | Reached skill level 8 in Hexes
 44413 | Snake:2  | XOM: scenery: summon butterflies
 44424 | Snake:2  | Reached skill level 3 in Shapeshifting
 44757 | Snake:2  | XOM: give mutations
 44757 | Snake:2  | Gained mutation: You have very sharp fingernails. [Xom's
                  | grace]
 44757 | Snake:2  | Lost mutation: You are dopey. (Int -2) [Xom's grace]
 44757 | Snake:2  | Lost mutation: You have hidden genetic potential. [Xom's
                  | grace]
 44757 | Snake:2  | Gained mutation: You are somewhat resistant to further
                  | mutation. [Xom's grace]
 44757 | Snake:2  | Gained mutation: You are somewhat resistant to both further
                  | mutation and mutation removal. [Xom's grace]
 44797 | Snake:2  | XOM: smoke on damage
 44820 | Snake:2  | Reached skill level 13 in Spellcasting
 44840 | Snake:2  | XOM: butterfly on damage
 45061 | Snake:2  | XOM: cast spell 'Discord'
 45269 | Snake:2  | XOM is BORED!
 45284 | Snake:1  | XOM: god gift: 15 gold pieces
 45326 | Snake:2  | XOM: give mutations
 45326 | Snake:2  | Lost mutation: You are very robust. (+20% HP) [Xom's
                  | mischief]
 45326 | Snake:2  | Lost mutation: You are robust. (+10% HP) [Xom's mischief]
 45326 | Snake:2  | Lost mutation: Your muscles are very strong. (Str +8,
                  | Int/Dex -2) [Xom's mischief]
 45326 | Snake:2  | Gained mutation: You are occasionally teleported next to
                  | monsters. [Xom's mischief]
 45434 | Snake:1  | Lost mutation: You have a pair of small antennae on your
                  | head. [potion of mutation]
 45435 | Snake:1  | Lost mutation: You are agile. (Dex +4, Str/Int -1) [potion
                  | of mutation]
 45435 | Snake:1  | Lost mutation: Your system is resistant to poisons. (rPois)
                  | [potion of mutation]
 45436 | Snake:1  | Gained mutation: Your muscles are very strong. (Str +8,
                  | Int/Dex -2) [potion of mutation]
 45473 | Snake:2  | Reached skill level 9 in Hexes
 45474 | Snake:2  | Reached skill level 4 in Shapeshifting
 45637 | Snake:2  | XOM: enchant monster (bad)
 45838 | Snake:2  | XOM: blink monster(s)
 46115 | Snake:3  | Reached skill level 10 in Hexes
 46123 | Snake:3  | Reached skill level 5 in Shapeshifting
 46436 | Snake:3  | XOM: blink monster(s)
 46492 | Snake:3  | Reached skill level 6 in Shapeshifting
 46500 | Snake:3  | XOM: 4-stop teleportation journey
 46591 | Snake:3  | XOM: noise
 46701 | Snake:3  | Reached skill level 7 in Shapeshifting
 47042 | Snake:3  | XOM: silly message
 47158 | Snake:3  | Learned a level 2 spell: Lesser Beckoning
 47162 | Snake:3  | Learned a level 3 spell: Tukima's Dance
 47164 | Snake:3  | Learned a level 1 spell: Apportation
 47195 | Snake:3  | Found a gateway to a bazaar.
 47326 | Snake:3  | XOM: butterfly on damage
 47328 | Snake:3  | Reached skill level 8 in Shapeshifting
 47377 | Snake:3  | XOM: summons friendly shadow imp
 47381 | Snake:3  | Noticed Agnes
 47461 | Snake:3  | Killed Agnes
 47529 | Snake:3  | XOM: polymorph dryad -> blink frog
 47545 | Snake:3  | XOM: 2-stop teleportation journey
 47971 | Snake:3  | Reached skill level 9 in Shapeshifting
 48177 | Snake:3  | XOM: summons 9 hostile demons
 48382 | Shoals:1 | Entered Level 1 of the Shoals
 48387 | Shoals:1 | XOM: enchant monster (bad)
 48456 | Shoals:1 | Noticed Nikola
 48465 | Shoals:1 | Killed from afar by a wind drake
 48700 | Snake:4  | Entered Level 4 of the Snake Pit
 48700 | Snake:4  | Noticed Donald
 48766 | Snake:4  | XOM: cast spell 'Disjunction'
 48890 | Snake:4  | XOM: chaos upgrade
 49040 | Snake:4  | XOM: silly message
 49088 | Snake:3  | XOM: noise
 49246 | Snake:4  | Reached skill level 10 in Shapeshifting
 49254 | Snake:4  | Killed Donald
 49494 | Snake:4  | XOM: snakes to sticks
 49504 | Snake:4  | XOM: give mutations
 49504 | Snake:4  | Gained mutation: You possess an exceptional clarity of
                  | mind. [Xom's mischief]
 49504 | Snake:4  | Lost mutation: You possess an exceptional clarity of mind.
                  | [Xom's mischief]
 49504 | Snake:4  | Lost mutation: Your flesh is heat resistant. (rF+) [Xom's
                  | mischief]
 49742 | Lair:1   | XOM: summons 1 hostile demon
 50146 | D:13     | XOM: give mutations
 50146 | D:13     | Lost mutation: You are somewhat resistant to both further
                  | mutation and mutation removal. [Xom's mischief]
 50146 | D:13     | Gained mutation: You are strong-willed. (Will+) [Xom's
                  | mischief]
 50146 | D:13     | Gained mutation: You are clumsy. (Dex -2) [Xom's mischief]
 50146 | D:13     | Gained mutation: You are partially covered in iridescent
                  | scales. (AC +2) [Xom's mischief]
 51190 | D:13     | XOM: summons 5 hostile demons
 51802 | D:12     | XOM: stat loss: -1 Int (13/14)
 51952 | D:12     | XOM: stat loss: -1 Str (15/16)
 52962 | D:12     | XOM: give mutations
 52962 | D:12     | Lost mutation: You occasionally lose the ability to drink
                  | potions when taking damage. [Xom's mischief]
 52962 | D:12     | Lost mutation: You are strong-willed. (Will+) [Xom's
                  | mischief]
 52962 | D:12     | Gained mutation: You are strong-willed. (Will+) [Xom's
                  | mischief]
 52962 | D:12     | Lost mutation: You are clumsy. (Dex -2) [Xom's mischief]
 54239 | D:12     | XOM: summons 1 hostile shadow creature
 54801 | D:11     | XOM: give mutations
 54801 | D:11     | Gained mutation: You have a somewhat thin skeletal
                  | structure. (Dex +2, Stealth+) [Xom's mischief]
 54801 | D:11     | Gained mutation: You passively map a small area around you.
                  | [Xom's mischief]
 54801 | D:11     | Lost mutation: You are strong-willed. (Will+) [Xom's
                  | mischief]
 54801 | D:11     | Gained mutation: Your spells are a little easier to cast,
                  | but a little less powerful. [Xom's mischief]
 54820 | D:11     | XOM: noise
 55221 | D:11     | XOM: silly message
 55381 | D:11     | XOM: silly message
 55405 | D:11     | XOM: god gift: potion of brilliance
 55672 | D:11     | XOM: 1-stop teleportation journey
 56620 | D:11     | XOM: give mutations
 56620 | D:11     | Lost mutation: You are partially covered in iridescent
                  | scales. (AC +2) [Xom's mischief]
 56620 | D:11     | Lost mutation: Your spells are a little easier to cast, but
                  | a little less powerful. [Xom's mischief]
 56620 | D:11     | Lost mutation: You are occasionally teleported next to
                  | monsters. [Xom's mischief]
 56620 | D:11     | Gained mutation: Your skin changes colour to match your
                  | surroundings (Stealth+). [Xom's mischief]
 57023 | Snake:4  | XOM is BORED!
 57023 | Snake:4  | XOM: summons 3 hostile shadow creatures
 57216 | Snake:4  | XOM: confuse monster(s)
 57593 | Snake:4  | Reached XP level 17. HP: 83/83 MP: 30/35
 57629 | Snake:4  | XOM: noise
 57716 | Snake:4  | XOM: silly message
 57741 | Snake:4  | Reached skill level 11 in Shapeshifting
 57816 | Snake:3  | XOM: silly message
 58346 | Snake:4  | Reached skill level 12 in Shapeshifting
 58412 | Snake:4  | XOM: 5-stop teleportation journey
 58595 | Snake:3  | XOM: cloud trail
 58985 | Snake:4  | XOM: polymorph mana viper -> snapping turtle
 59074 | Snake:4  | XOM: silly message
 59107 | Snake:4  | XOM: potion effect (haste)
 59229 | Snake:4  | Reached skill level 13 in Shapeshifting
 59336 | Snake:4  | XOM: butterfly on damage
 59507 | Snake:4  | XOM: cast spell 'Alistair's Intoxication'
 59579 | Snake:4  | XOM: silly message
 59741 | Snake:4  | Got a serpentine rune of Zot
 59830 | Snake:4  | Found Agutev's Weapon Boutique.
 60111 | Shoals:1 | XOM: polymorph mana viper -> unseen horror
 60133 | Shoals:1 | Killed Nikola
 60138 | Shoals:1 | XOM: confuse monster(s)
 60322 | Shoals:1 | Found Dost's Magic Scroll Shop.
 60851 | Shoals:1 | Noticed a kraken
 60867 | Shoals:1 | XOM: god gift: chain mail {god gift}
 61335 | Shoals:1 | XOM: polymorph mana viper -> eye of devastation
 61575 | Shoals:1 | XOM: polymorph snapping turtle -> two-headed ogre
 61580 | Shoals:1 | XOM: smoke on damage
 61701 | Shoals:1 | Noticed a kraken
 61707 | Shoals:1 | XOM: enchant monster (bad)
 61744 | Shoals:1 | Killed a kraken
 61745 | Shoals:1 | Reached skill level 4 in Unarmed Combat
 61947 | Shoals:2 | XOM: polymorph faun -> slime creature
 62170 | Shoals:2 | Reached skill level 14 in Shapeshifting
 62177 | Shoals:2 | Acquired 1146 gold pieces
 62596 | Lair:2   | XOM: give mutations
 62596 | Lair:2   | Lost mutation: You passively map a small area around you.
                  | [Xom's mischief]
 62596 | Lair:2   | Lost mutation: You have a somewhat thin skeletal structure.
                  | (Dex +2, Stealth+) [Xom's mischief]
 62596 | Lair:2   | Lost mutation: Your muscles are very strong. (Str +8,
                  | Int/Dex -2) [Xom's mischief]
 62596 | Lair:2   | Lost mutation: You expend magic power (3 MP) to strengthen
                  | your wands. [Xom's mischief]
 62753 | Bazaar   | Entered a bazaar
 62753 | Bazaar   | Found Fyclisk's Jewellery Boutique.
 62753 | Bazaar   | Found Udum's Book Shoppe.
 62753 | Bazaar   | Found Omaot's General Store.
 62755 | Bazaar   | Found Visoanucw's Distillery.
 62808 | Bazaar   | Bought a potion of heal wounds for 50 gold pieces
 62808 | Bazaar   | Bought a potion of heal wounds for 50 gold pieces
 62814 | Bazaar   | Bought a granite talisman for 840 gold pieces
 62814 | Bazaar   | Bought the amulet "Gebba" {Spirit Rampage rPois Will+
                  | Dex+2} for 714 gold pieces
 62825 | Bazaar   | Bought 2 potions of invisibility for 160 gold pieces
 62825 | Bazaar   | Bought a potion of enlightenment for 50 gold pieces
 62825 | Bazaar   | Bought a potion of enlightenment for 50 gold pieces
 63063 | Orc:2    | XOM: stat loss: -1 Str (11/12)
 63085 | Orc:2    | Bought a ring of protection from cold for 275 gold pieces
 63223 | Shoals:1 | XOM: silly message
 63272 | Shoals:2 | XOM: summons 1 hostile demon
 63503 | Shoals:2 | Reached skill level 5 in Unarmed Combat
 63662 | Shoals:2 | Reached skill level 15 in Fighting
 63712 | Shoals:2 | XOM: stat loss: -1 Int (14/15)
 64049 | Shoals:3 | Reached skill level 1 in Air Magic
 64051 | Shoals:3 | XOM: swap monsters
 64541 | Shoals:3 | XOM is BORED!
 64541 | Shoals:3 | XOM: noise
 64691 | Shoals:3 | Reached skill level 6 in Unarmed Combat
 64723 | Shoals:3 | Reached skill level 2 in Air Magic
 64723 | Shoals:3 | Reached XP level 18. HP: 89/89 MP: 20/36
 64901 | Shoals:3 | Noticed Ilsuiw
 65010 | Shoals:3 | XOM: cleaving
 65017 | Shoals:3 | XOM: 3-stop teleportation journey
 65162 | Shoals:3 | XOM: blink monster(s)
 65175 | Shoals:3 | Killed Ilsuiw
 65472 | Shoals:4 | Identified the of Sidowout
 65472 | Shoals:4 | Entered Level 4 of the Shoals
 65509 | Shoals:4 | XOM: confusion (+ monsters)
 65626 | Shoals:3 | XOM: god gift: twisted whip {god gift}
 65626 | Shoals:3 | Identified the +8 whip of the Nice God {chaos, Fly rN+}
                  | (Xom gifted it to you on level 3 of the Shoals)
 65682 | Shoals:4 | XOM: silly message
 65754 | Shoals:3 | XOM: silly message
 65858 | Shoals:4 | Reached skill level 7 in Unarmed Combat
 65926 | Shoals:4 | Found Zahimaj's Jewellery Boutique.
 65976 | Shoals:4 | XOM: divination: detect items
 65983 | Shoals:4 | XOM: noise
 65996 | Shoals:3 | XOM: 1-stop teleportation journey
 66121 | Shoals:4 | XOM: blink monster(s)
 66125 | Shoals:4 | XOM: smoke on damage
 66126 | Shoals:4 | Reached skill level 3 in Air Magic
 66218 | Shoals:3 | XOM: silly message
 66447 | Shoals:4 | XOM: noise
 66475 | Shoals:4 | XOM: confuse monster(s)
 66659 | Shoals:4 | XOM: enchant monster (bad)
 66719 | Shoals:3 | XOM: give mutations
 66719 | Shoals:3 | Gained mutation: You expend magic power (3 MP) to
                  | strengthen your wands. [Xom's mischief]
 66719 | Shoals:3 | Lost mutation: You are somewhat resistant to further
                  | mutation. [Xom's mischief]
 66719 | Shoals:3 | Gained mutation: You have hidden genetic potential. [Xom's
                  | mischief]
 66719 | Shoals:3 | Gained mutation: You are frail. (-10% HP) [Xom's mischief]
 66719 | Shoals:3 | Lost mutation: You expend magic power (3 MP) to strengthen
                  | your wands. [Xom's mischief]
 66877 | Shoals:4 | XOM: summons 4 hostile shadow creatures
 66881 | Shoals:4 | Reached skill level 16 in Fighting
 66882 | Shoals:4 | Reached skill level 8 in Unarmed Combat
 67085 | Shoals:4 | XOM: summons 3 hostile shadow creatures
 67091 | Shoals:4 | XOM: noise
 67346 | Shoals:4 | Reached skill level 4 in Air Magic
 67501 | Shoals:4 | XOM: silly message
 67517 | Shoals:4 | XOM: silly message
 67662 | Shoals:4 | Got a barnacled rune of Zot
 68347 | Depths:3 | Identified the "Sukh"
 68347 | Depths:3 | Identified the "Juoch"
 68347 | Depths:3 | Identified the "Upaajaic"
 68347 | Depths:3 | Identified the of Koatorph
 68347 | Elf:1    | Identified the of Zossunt
 68347 | Elf:1    | Identified the "Jysoeqar"
 68347 | Elf:1    | Identified the "Ekuumuh"
 68347 | Elf:1    | Entered Level 1 of the Elven Halls
 68464 | Elf:1    | XOM: cast spell 'Disjunction'
 68465 | Elf:1    | Reached skill level 9 in Unarmed Combat
 68477 | Elf:1    | XOM: 2-stop teleportation journey
 68478 | Elf:1    | Reached skill level 15 in Shapeshifting
 68640 | Elf:1    | Found Jielob's Distillery.
 68644 | Elf:1    | Found Fegag's Armour Shop.
 68645 | Elf:1    | Found Qirawku's Book Boutique.
 68648 | Elf:1    | Bought a potion of magic for 96 gold pieces
 68648 | Elf:1    | Bought a potion of mutation for 96 gold pieces
 68703 | Elf:1    | XOM: silly message
 68717 | Elf:1    | XOM: give mutations
 68717 | Elf:1    | Gained mutation: You are partially covered in iridescent
                  | scales. (AC +2) [Xom's mischief]
 68717 | Elf:1    | Gained mutation: You have an increased reservoir of magic.
                  | (+10% MP) [Xom's mischief]
 69410 | Elf:1    | XOM: chaos cloud
 69411 | Elf:1    | Found Soff's Weapon Boutique.
 69474 | Elf:1    | XOM: silly message
 69482 | Elf:1    | XOM: potion effect (might)
 69582 | Elf:1    | Found Coxulie's Armour Shoppe.
 69786 | Elf:1    | Found Pini's Jewellery Emporium.
 70067 | D:14     | XOM: divination: detect creatures
 70071 | Vaults:1 | Entered Level 1 of the Vaults
 70075 | Vaults:1 | XOM: summons friendly soul eater
 70077 | Vaults:1 | Reached skill level 10 in Unarmed Combat
 70077 | Vaults:1 | XOM: chaos cloud
 70172 | Vaults:1 | Found a runed translucent door.
 70193 | Vaults:1 | XOM: enchant monster (good)
 70198 | Vaults:1 | Reached skill level 17 in Fighting
 70209 | Vaults:1 | XOM: divination: detect items
 70324 | Vaults:1 | Reached XP level 19. HP: 39/86 MP: 13/40
 70458 | Vaults:1 | XOM: god gift: 18 gold pieces
 70587 | Vaults:1 | XOM: confuse monster(s)
 70697 | Vaults:1 | Reached skill level 11 in Unarmed Combat
 70697 | Vaults:1 | XOM: summons 2 friendly demons
 71447 | Vaults:1 | XOM: potion effect (haste)
 71500 | Vaults:1 | Gained mutation: You expend magic power (3 MP) to
                  | strengthen your wands. [hidden potential]
 71952 | Vaults:2 | Found Yggoll's Weapon Shoppe.
 71960 | Vaults:2 | XOM: cast spell 'Call Canine Familiar'
 71961 | Vaults:2 | XOM: confuse monster(s)
 72046 | Vaults:2 | XOM: 1-stop teleportation journey
 72057 | Vaults:2 | XOM: divination: detect creatures
 72062 | Vaults:2 | Reached skill level 12 in Unarmed Combat
 72184 | Vaults:2 | XOM: enchant monster (good)
 72189 | Vaults:2 | XOM: enchant monster (good)
 72200 | Vaults:2 | Reached skill level 16 in Shapeshifting
 72499 | Vaults:2 | You fall into a shaft and drop 2 floors!
 72627 | Vaults:3 | XOM: enchant monster (good)
 72661 | Vaults:3 | Found a flickering gateway to a bazaar.
 72671 | Bazaar   | Entered a bazaar
 72671 | Bazaar   | Found Lakoaf's Antique Weapon Boutique.
 72692 | Bazaar   | Found Neaqipupt's Distillery.
 72700 | Bazaar   | Found Dooq Puo's General Store.
 72711 | Bazaar   | Found Egewuj's Antique Armour Boutique.
 72722 | Bazaar   | Found Diraotyg's Book Emporium.
 72760 | Bazaar   | Bought a potion of invisibility for 80 gold pieces
 72760 | Bazaar   | Bought a potion of ambrosia for 80 gold pieces
 72760 | Bazaar   | Bought a potion of haste for 100 gold pieces
 72760 | Bazaar   | Bought a potion of curing for 30 gold pieces
 72768 | Bazaar   | Bought a scroll of fog for 60 gold pieces
 72893 | Vaults:2 | Reached skill level 13 in Unarmed Combat
 72907 | Vaults:2 | XOM: confuse monster(s)
 72910 | Vaults:2 | Reached skill level 18 in Fighting
 72923 | Vaults:2 | XOM: 4-stop teleportation journey
 73156 | Vaults:2 | XOM: give mutations
 73156 | Vaults:2 | Lost mutation: You have hidden genetic potential. [Xom's
                  | grace]
 73156 | Vaults:2 | Gained mutation: You are somewhat resistant to further
                  | mutation. [Xom's grace]
 73156 | Vaults:2 | Gained mutation: You possess an exceptional clarity of
                  | mind. [Xom's grace]
 73156 | Vaults:2 | Gained mutation: Your mind is acute. (Int +4, Str/Dex -1)
                  | [Xom's grace]
 73156 | Vaults:2 | Gained mutation: You are resistant to electric shocks.
                  | (rElec) [Xom's grace]
 73245 | Vaults:2 | XOM: god gift: wand of iceblast (6)
 73312 | Vaults:2 | XOM: scenery: 3 doors open
 73578 | Vaults:2 | XOM: torment (95/113 hp)
 73901 | Vaults:2 | XOM: stat loss: -1 Str (10/11)
 73911 | Vaults:2 | XOM: cast spell 'Death Channel'
 73916 | Vaults:2 | Reached XP level 20. HP: 91/91 MP: 29/41
 74010 | Vaults:2 | XOM: potion effect (invisibility)
 74223 | Vaults:3 | Reached skill level 14 in Unarmed Combat
 74320 | Vaults:3 | XOM: 2-stop teleportation journey
 74422 | Vaults:3 | XOM: polymorph mana viper -> skyshark
 74441 | Vaults:3 | Found a staircase to the Crypt.
 74493 | Vaults:3 | XOM: fake destruction
 74520 | Vaults:3 | HP: 3/119 [shot self (8)]
 74521 | Vaults:3 | Killed by an exploding yaktaur... ignited by their inner
                  | flame
 74768 | Vaults:3 | Reached skill level 15 in Dodging
 75078 | Vaults:3 | XOM: scenery: 1 doors close
 75225 | Vaults:3 | XOM: cloud trail
 75667 | Vaults:3 | XOM: 5-stop teleportation journey
 75955 | Vaults:4 | Reached skill level 15 in Unarmed Combat
 76019 | Vaults:4 | Found a portal to a secret trove of treasure.
 76206 | Vaults:4 | XOM: cast spell 'Summon Small Mammal'
 76405 | Vaults:4 | Reached skill level 16 in Dodging
 76438 | Vaults:4 | XOM: noise
 76459 | Vaults:4 | Reached skill level 19 in Fighting
 76764 | Vaults:4 | XOM: noise
 76845 | Vaults:4 | XOM: 6-stop teleportation journey
 76884 | Vaults:4 | XOM: summons 4 friendly demons
 76899 | Vaults:4 | XOM: give mutations
 76899 | Vaults:4 | Gained mutation: You have a pair of small horns on your
                  | head. [Xom's grace]
 76899 | Vaults:4 | Gained mutation: Your spells are a little harder to cast,
                  | but a little more powerful. [Xom's grace]
 77352 | Vaults:4 | XOM: cloud trail
 77602 | Vaults:4 | Noticed Mennas
 77900 | D:12     | Learned a level 2 spell: Wereblood
 78043 | Elf:2    | Reached skill level 17 in Dodging
 78187 | Elf:2    | Identified the serpent talisman "Wunaomev" {Str-4 Dex+2
                  | SInv}
 78187 | Elf:2    | Noticed Aizul
 78195 | Elf:2    | Killed Aizul
 78234 | Elf:2    | XOM: noise
 78354 | Elf:2    | XOM: confuse monster(s)
 78415 | Elf:2    | Found a gateway to a bazaar.
 78416 | Elf:2    | XOM: 2-stop teleportation journey
 78446 | Elf:2    | XOM: god gift: 28 gold pieces
 78572 | Elf:2    | Found a runed translucent gate.
 78573 | Elf:2    | Found a runed translucent gate.
 78573 | Elf:2    | Found a runed translucent gate.
 78777 | Elf:2    | XOM: potion effect (haste)
 78781 | Elf:2    | Reached XP level 21. HP: 98/98 MP: 42/42
 78805 | Elf:2    | XOM: summons 6 friendly demons
 78916 | Elf:2    | XOM: noise
 78981 | Elf:2    | Reached skill level 18 in Dodging
 79200 | Elf:3    | Identified the "Jaxoo"
 79200 | Elf:3    | XOM: noise
 79200 | Elf:3    | Entered Level 3 of the Elven Halls
 79216 | Elf:3    | Reached skill level 20 in Fighting
 79854 | Elf:3    | XOM is BORED!
 79863 | Elf:3    | XOM: noise
 80533 | Elf:3    | XOM: cast spell 'Monstrous Menagerie'
 81037 | Elf:3    | XOM: give mutation
 81037 | Elf:3    | Gained mutation: Your flesh is heat resistant. (rF+) [Xom's
                  | grace]
 81354 | Elf:3    | Identified the +1 long sword "Mafida Vereo" {elec, Fly
                  | rC+++ Str+3 Int-3}
 81357 | Elf:3    | XOM: confuse monster(s)
 81540 | Elf:3    | Reached skill level 19 in Dodging
 81681 | Elf:3    | Identified the +3 orcbow "Weghageys" {heavy, rElec MP-9
                  | Int-3 Dex+4}
 81695 | Elf:3    | Identified the ring of Symmetry {rF+ rN+}
 81696 | Elf:3    | XOM: blink monster(s)
 81851 | Elf:3    | XOM: summons 1 hostile shadow creature
 81852 | Elf:3    | XOM: confuse monster(s)
 81885 | Elf:3    | XOM: silly message
 82155 | Elf:3    | Identified the +0 ring mail of Bojo {Dex+3}
 82472 | D:15     | Found a staircase to the Depths.
 82490 | D:15     | XOM: enchant monster (bad)
 82501 | Depths:1 | Entered Level 1 of the Depths
 82548 | Depths:1 | XOM: potion effect (haste)
 82608 | Depths:1 | XOM: cast spell 'Summon Horrible Things'
 82632 | Depths:1 | Found a one-way gate to the infinite horrors of the Abyss.
 82695 | Depths:1 | Found a flickering gateway to a bazaar.
 82704 | Bazaar   | Entered a bazaar
 82704 | Bazaar   | Found Wookiori's General Store.
 82729 | Bazaar   | Found Pytrevup's Antique Armour Shop.
 82749 | Bazaar   | Found Sintuopt's Antique Weapon Shop.
 82772 | Bazaar   | Bought a scroll of acquirement for 624 gold pieces
 82772 | Bazaar   | Acquired the ring of the Dropbear {rF+ rN+ Slay+3}
 82859 | Depths:1 | XOM: summons friendly crimson imp
 82928 | Depths:1 | Reached skill level 20 in Dodging
 82985 | Depths:1 | Found a gateway to Hell.
 83174 | Depths:1 | Reached skill level 11 in Hexes
 83756 | Depths:1 | XOM: give mutations
 83756 | Depths:1 | Gained mutation: Your skin blends seamlessly with your
                  | surroundings (Stealth++). [Xom's grace]
 83756 | Depths:1 | Lost mutation: You are somewhat resistant to further
                  | mutation. [Xom's grace]
 83756 | Depths:1 | Gained mutation: You have hidden genetic potential. [Xom's
                  | grace]
 83756 | Depths:1 | Gained mutation: Your mind is very acute. (Int +8, Str/Dex
                  | -2) [Xom's grace]
 83799 | Depths:2 | XOM: god gift: 3 stones
 83823 | Depths:2 | XOM: confuse monster(s)
 83856 | Depths:2 | Found a one-way gateway to a ziggurat.
 83898 | Depths:2 | Identified the maw talisman "Vuerr" {rF+ Str-2 Int+3}
 83941 | Depths:2 | Found an opulent altar of Gozag.
 84056 | Depths:2 | XOM: scenery: create altars
 84154 | Depths:2 | Found a one-way gate leading to the halls of Pandemonium.
 84161 | Depths:2 | Reached XP level 22. HP: 103/103 MP: 41/43
 84339 | Depths:2 | XOM: summons 13 friendly demons
 84341 | Depths:2 | Reached skill level 12 in Hexes
 84392 | Depths:2 | XOM: scenery: summon butterflies
 84526 | Depths:2 | Noticed a golden dragon
 84528 | Depths:2 | XOM: cast spell 'Death Channel'
 84536 | Depths:2 | Killed a golden dragon
 84562 | Depths:2 | Reached skill level 16 in Unarmed Combat
 84566 | Depths:2 | Reached skill level 13 in Hexes
 84761 | Depths:3 | Noticed Xtahua
 84774 | Depths:3 | Killed Xtahua
 84828 | Depths:3 | Found Exzennet's Tiny Tomes.
 84915 | Depths:3 | XOM: swap monsters
 84932 | Depths:3 | XOM: noise
 85013 | Depths:3 | Found a runed translucent door.
 85132 | Depths:3 | XOM: god gift: 37 gold pieces
 85160 | Depths:3 | Identified the ring "Ettykly" {rPois AC+4 Dex-2 SInv}
 85160 | Depths:3 | XOM: 1-stop teleportation journey
 85472 | Depths:3 | Reached skill level 14 in Hexes
 85493 | Depths:3 | XOM: give mutations
 85493 | Depths:3 | Lost mutation: You have a pair of small horns on your head.
                  | [Xom's mischief]
 85493 | Depths:3 | Lost mutation: You are partially covered in iridescent
                  | scales. (AC +2) [Xom's mischief]
 85651 | Depths:3 | XOM: noise
 85666 | Depths:3 | XOM: chaos upgrade
 85838 | Depths:4 | Entered Level 4 of the Depths
 85877 | Depths:4 | Noticed a golden dragon
 85888 | Depths:4 | Killed a golden dragon
 86025 | Depths:4 | XOM: enchant monster (bad)
 86026 | Depths:4 | Reached skill level 15 in Hexes
 86030 | Depths:4 | XOM: 2-stop teleportation journey
 86057 | Depths:4 | XOM: give mutations
 86057 | Depths:4 | Lost mutation: Your skin blends seamlessly with your
                  | surroundings (Stealth++). [Xom's mischief]
 86057 | Depths:4 | Lost mutation: Your skin changes colour to match your
                  | surroundings (Stealth+). [Xom's mischief]
 86080 | Depths:4 | Reached skill level 17 in Unarmed Combat
 86412 | Depths:4 | XOM: give mutations
 86412 | Depths:4 | Lost mutation: Your spells are a little harder to cast, but
                  | a little more powerful. [Xom's mischief]
 86412 | Depths:4 | Lost mutation: You expend magic power (3 MP) to strengthen
                  | your wands. [Xom's mischief]
 86497 | Depths:4 | Found a gate to the Realm of Zot.
 86544 | Depths:4 | XOM: chaos upgrade
 86545 | Depths:4 | Reached skill level 16 in Hexes
 86551 | Depths:4 | XOM: silly message
 86595 | Depths:4 | Found a glowing golden altar of the Shining One.
 86886 | Depths:2 | Gained mutation: You expend magic power (3 MP) to
                  | strengthen your wands. [hidden potential]
 86957 | Depths:1 | Voluntarily entered the Abyss.
 86959 | Abyss:1  | Found a corrupted altar of Lugonu.
 87065 | Abyss:3  | Found a corrupted altar of Lugonu.
 87181 | Abyss:3  | Reached skill level 6 in Stealth
 87293 | Abyss:3  | Found a corrupted altar of Lugonu.
 87433 | Abyss:3  | Reached skill level 6 in Evocations
 87440 | Abyss:3  | XOM: noise
 87443 | Abyss:3  | XOM: summons 4 hostile shadow creatures
 87445 | Abyss:3  | Got an abyssal rune of Zot
 87457 | Abyss:3  | XOM: draining
 87460 | Abyss:3  | XOM: summons friendly iron imp
 87463 | Abyss:3  | Reached skill level 7 in Stealth
 87463 | Abyss:3  | Reached XP level 23. HP: 36/100 MP: 25/37
 87463 | Abyss:3  | XOM: confuse monster(s)
 87488 | Abyss:3  | Mangled by a profane servitor
 87523 | Depths:1 | Escaped the Abyss
 87818 | Vaults:4 | You showed the abyssal rune of Zot to enter a treasure
                  | trove
 87819 | Trove    | Entered a treasure trove
 87860 | Trove    | XOM: give mutation
 87860 | Trove    | Gained mutation: You are strong-willed. (Will+) [Xom's
                  | grace]
 87969 | Crypt:1  | Entered Level 1 of the Crypt
 87970 | Crypt:1  | Noticed Vv
 88092 | Crypt:1  | Killed Vv
 88183 | Crypt:1  | Reached skill level 7 in Evocations
 88307 | Crypt:1  | Identified the ring "Imucuch" {Ice +Blink rN+ Int+5}
 88307 | Crypt:1  | Noticed Josephina
 88313 | Crypt:1  | XOM: summons friendly crimson imp
 88320 | Crypt:1  | Killed Josephina
 88324 | Crypt:1  | XOM: cleaving
 88331 | Crypt:1  | Reached skill level 18 in Unarmed Combat
 88331 | Crypt:1  | Reached skill level 8 in Evocations
 88517 | Crypt:1  | XOM: 5-stop teleportation journey
 88576 | Crypt:1  | Reached skill level 9 in Evocations
 88639 | Crypt:1  | You fall into a shaft and drop 1 floor!
 88651 | Crypt:2  | XOM: swap monsters
 88658 | Crypt:2  | XOM: divination: detect creatures
 88660 | Crypt:2  | XOM: confuse monster(s)
 88667 | Crypt:2  | XOM: summons 4 friendly demons
 88684 | Crypt:2  | XOM: summons friendly rust devil
 88713 | Crypt:2  | XOM: 1-stop teleportation journey
 88718 | Crypt:2  | Reached skill level 10 in Evocations
 88724 | Crypt:2  | XOM: noise
 88730 | Crypt:2  | XOM: enchant monster (bad)
 88798 | Crypt:1  | XOM: divination: detect items
 88801 | Crypt:1  | XOM: polymorph necromancer -> shapeshifter
 88802 | Crypt:1  | XOM: summons friendly shadow imp
 88821 | Crypt:1  | XOM: polymorph shadow imp -> crimson imp
 88915 | Crypt:1  | Noticed Jory
 88920 | Crypt:1  | XOM: god gift: 8 gold pieces
 88926 | Crypt:1  | Killed Jory
 89014 | Crypt:1  | XOM: god gift: mace {god gift}
 89191 | Crypt:1  | XOM: noise
 89531 | Crypt:2  | Found a runed translucent gate.
 89531 | Crypt:2  | Found a runed translucent gate.
 89531 | Crypt:2  | Found a runed translucent gate.
 89531 | Crypt:2  | Identified the +0 chain mail "Ohelone Noon" {SInv}
 89532 | Crypt:2  | Found an iron altar of Okawaru.
 89532 | Crypt:2  | Identified the +1 robe of Lereolem {rN+ Str+2}
 89533 | Crypt:2  | Noticed Besor's ghost (veteran MiBe)
 89828 | Crypt:3  | Entered Level 3 of the Crypt
 89834 | Crypt:3  | Reached skill level 19 in Unarmed Combat
 89898 | Crypt:3  | XOM: cast spell 'Alistair's Intoxication'
 90242 | Crypt:3  | Found a basalt altar of Yredelemnul.
 90251 | Crypt:3  | XOM: silly message
 90259 | Crypt:3  | XOM: divination: detect creatures
 90260 | Crypt:3  | XOM: enchant monster (bad)
 90261 | Crypt:3  | XOM: blink monster(s)
 90267 | Crypt:3  | XOM: blink monster(s)
 90279 | Crypt:3  | XOM: fog
 90307 | Crypt:3  | XOM: swap monsters
 90452 | Crypt:3  | Identified the ring "Epec Ham" {Drain rN+ Str+5}
 90655 | Crypt:3  | XOM: 1-stop teleportation journey
 90678 | Crypt:3  | XOM: polymorph mana viper -> bunyip
 90685 | Crypt:3  | Gained mutation: Your muscles are very strong. (Str +8,
                  | Int/Dex -2) [hidden potential]
 90685 | Crypt:3  | Lost mutation: You have hidden genetic potential. [hidden
                  | potential expressed]
 90755 | Crypt:3  | Reached skill level 20 in Unarmed Combat
 90759 | Crypt:3  | XOM: divination: magic mapping
 90763 | Crypt:3  | Reached skill level 17 in Hexes
 90923 | Crypt:3  | XOM: fog
 90977 | Crypt:3  | XOM: give mutations
 90977 | Crypt:3  | Gained mutation: You are partially covered in iridescent
                  | scales. (AC +2) [Xom's grace]
 90977 | Crypt:3  | Lost mutation: You are frail. (-10% HP) [Xom's grace]
 90977 | Crypt:3  | Gained mutation: You are mostly covered in iridescent
                  | scales. (AC +4) [Xom's grace]
 91017 | Crypt:3  | Found a staircase to the Tomb.
 91476 | D:7      | Killed Maggie
 91583 | D:9      | XOM: divination: detect creatures
 91664 | D:9      | Killed Gastronok
 91679 | D:10     | XOM: silly message
 91719 | D:10     | Killed ongoing's ghost
 92167 | Slime:1  | Entered Level 1 of the Pits of Slime
 92422 | Depths:1 | XOM: silly message
 92509 | Zot:1    | Entered Level 1 of the Realm of Zot
 92625 | Zot:1    | Reached skill level 18 in Hexes
 92625 | Zot:1    | Reached XP level 24. HP: 123/123 MP: 45/45
 92658 | Zot:1    | Found the +1 robe of Vines {NoPotionHeal Regen++++}
 92731 | Zot:1    | XOM: noise
 92892 | Zot:1    | XOM: divination: detect creatures
 92965 | Zot:1    | Reached skill level 17 in Shapeshifting
 93189 | Zot:1    | XOM: cloud trail
 93255 | Zot:1    | Reached skill level 11 in Evocations
 93264 | Zot:1    | XOM: cloud trail
 93267 | Zot:1    | XOM: polymorph yellow draconian annihilator -> shapeshifter
 93268 | Zot:1    | XOM: god gift: +2 pair of boots of stealth
 93279 | Zot:1    | XOM: give mutations
 93279 | Zot:1    | Gained mutation: You are completely covered in iridescent
                  | scales. (AC +6) [Xom's grace]
 93279 | Zot:1    | Gained mutation: You have hidden genetic potential. [Xom's
                  | grace]
 93370 | Zot:1    | XOM: enchant monster (good)
 93377 | Zot:1    | Reached skill level 19 in Hexes
 93608 | Zot:1    | XOM: polymorph golden dragon -> caustic shrike
 93614 | Zot:1    | XOM: summons 13 hostile demons
 93729 | Zot:1    | XOM: give mutation
 93729 | Zot:1    | Gained mutation: Your spells are a little harder to cast,
                  | but a little more powerful. [Xom's grace]
 93734 | Zot:1    | XOM: give mutations
 93734 | Zot:1    | Lost mutation: You possess an exceptional clarity of mind.
                  | [Xom's mischief]
 93734 | Zot:1    | Lost mutation: You have hidden genetic potential. [Xom's
                  | mischief]
 93801 | Zot:1    | XOM: summons 2 hostile demons
 94128 | Zot:2    | XOM: 1-stop teleportation journey
 94132 | Zot:2    | Reached skill level 12 in Evocations
 94587 | Zot:2    | Reached skill level 20 in Hexes
 94776 | Zot:2    | XOM: silly message
 94938 | Zot:2    | XOM: noise
 95047 | Zot:2    | Reached skill level 13 in Evocations
 95376 | Zot:2    | XOM: divination: detect creatures
 95481 | Zot:3    | XOM: smoke on damage
 95501 | Zot:3    | Noticed an ancient lich
 95506 | Zot:3    | Killed an ancient lich
 95506 | Zot:3    | Noticed a Killer Klown
 95506 | Zot:3    | Noticed a Killer Klown
 95507 | Zot:3    | Noticed a Killer Klown
 95524 | Zot:3    | Killed a Killer Klown
 95536 | Zot:3    | Noticed a Killer Klown
 95536 | Zot:3    | Noticed a Killer Klown
 95536 | Zot:3    | XOM: 4-stop teleportation journey
 95554 | Zot:3    | Killed a Killer Klown
 95555 | Zot:3    | Reached skill level 21 in Hexes
 95557 | Zot:3    | XOM: fog
 95558 | Zot:3    | Killed a Killer Klown
 95561 | Zot:3    | Killed a Killer Klown
 95563 | Zot:3    | Killed a Killer Klown
 95564 | Zot:3    | Reached skill level 14 in Evocations
 95619 | Zot:3    | XOM: divination: detect creatures
 95794 | Zot:3    | Reached skill level 18 in Shapeshifting
 95813 | Zot:3    | XOM: scenery: 1 doors open
 95814 | Zot:3    | XOM: noise
 95824 | Zot:3    | XOM: scenery: 1 doors close
 95946 | Zot:3    | Noticed a Killer Klown
 95976 | Zot:3    | XOM: god gift: 38 gold pieces
 95978 | Zot:3    | XOM: divination: detect creatures
 95980 | Zot:3    | Identified the ring "Eguitioc" {rElec rPois rF+ Str+7} (Xom
                  | gifted it to you on level 3 of the Realm of Zot)
 95980 | Zot:3    | XOM: god gift: ring "Eguitioc" {rElec rPois rF+ Str+7}
 95985 | Zot:3    | Killed a Killer Klown
 96086 | Zot:3    | XOM: 1-stop teleportation journey
 96215 | Zot:3    | XOM: god gift: scroll of noise
 96278 | Zot:3    | XOM: give mutations
 96278 | Zot:3    | Gained mutation: You are agile. (Dex +4, Str/Int -1) [Xom's
                  | grace]
 96278 | Zot:3    | Gained mutation: You are highly strong-willed. (Will++)
                  | [Xom's grace]
 96557 | Zot:4    | XOM: smoke on damage
 96609 | Zot:4    | Reached skill level 19 in Shapeshifting
 96742 | Zot:4    | XOM: summons friendly white imp
 96864 | Zot:4    | XOM: enchant monster (good)
 97137 | Zot:4    | XOM: scenery: summon butterflies
 97231 | Zot:5    | Entered Level 5 of the Realm of Zot
 97328 | Zot:5    | XOM: 2-stop teleportation journey
 97330 | Zot:5    | Reached XP level 25. HP: 127/127 MP: 45/45
 97356 | Zot:5    | XOM: give mutations
 97356 | Zot:5    | Lost mutation: You are resistant to electric shocks.
                  | (rElec) [Xom's mischief]
 97356 | Zot:5    | Lost mutation: Your spells are a little harder to cast, but
                  | a little more powerful. [Xom's mischief]
 97356 | Zot:5    | Lost mutation: You are agile. (Dex +4, Str/Int -1) [Xom's
                  | mischief]
 97356 | Zot:5    | Lost mutation: You expend magic power (3 MP) to strengthen
                  | your wands. [Xom's mischief]
 97381 | Zot:4    | XOM: summons 1 hostile demon
 97644 | Zot:5    | Noticed a Killer Klown
 97644 | Zot:5    | XOM: blink monster(s)
 97646 | Zot:5    | Got the Orb of Zot
 97647 | Zot:5    | Noticed a Killer Klown
 97647 | Zot:5    | Noticed an orb of fire
 97647 | Zot:5    | XOM: swap monsters
 97648 | Zot:5    | Noticed an orb of fire
 97651 | Zot:5    | Noticed a Killer Klown
 97651 | Zot:5    | Noticed a Killer Klown
 97655 | Zot:5    | Noticed an ancient lich
 97659 | Zot:5    | XOM: divination: magic mapping
 97669 | Zot:5    | Noticed Keawe the pandemonium lord
 97773 | Zot:2    | Gained mutation: You are frail. (-10% HP) [a neqoxec]
 97901 | Depths:1 | Reached skill level 20 in Shapeshifting
 97998 | D:14     | XOM: divination: magic mapping
 98068 | D:12     | Noticed a seraph
 98296 | D:$      | Escaped with the Orb!

Illustrated notes

Levels and vault maps discovered:
D:1:      matt_arrival_spirals, layout_basic, nicolae_figureground_sparkle
D:2:      layout_basic, serial_shops, shop_statue, nicolae_the_louvre,
          uniq_natasha
D:3:      layout_basic, lemuel_tele_altar, serial_shops, nicolae_square_shop,
          grunt_ministairs_10, minmay_crystal_water, reono_crystal_passage,
          nicolae_twisty_statue_hallways
D:4:      layout_gridville, minmay_temple_entry_glassed_door,
          hellmonk_ghost_happy_afterlife, serial_demonic, serial_demonic_e,
          serial_demonic_a, serial_demonic_a, serial_demonic_e,
          serial_demonic_c, chequers_serial_rivers_micro_d
D:5:      layout_rooms, mainiacjoe_overflow_alcove_1, uniq_prince_ribbit1,
          uniq_duvessa
D:6:      layout_gridville, mainiacjoe_overflow_six_doors_small,
          general_overflow_altar, kennysheep_slug_shrine,
          makhleb_heckhound_becter, minmay_between
D:7:      layout_loops_ring, gammafunk_temple_overflow_wave, uniq_maggie,
          uniq_joseph, uniq_menkaure, uniq_pikel, uniq_crazy_yiuf_cottage
D:8:      layout_cave_pools, fedhas_altar_4, enter_bailey_5, uniq_jeremiah,
          uniq_maurice, uniq_erica
D:9:      layout_roguey, lemuel_crystal_altar,
          mainiacjoe_overflow_surrounded_room, hellmonk_sif_muna_bookshelves,
          ebering_ghost_disaster_area, uniq_gastronok, uniq_harold
D:10:     layout_basic, mainiacjoe_overflow_cross_hatched,
          due_lair_maze_entry_diamond, gammafunk_ghost_hive
D:11:     layout_basic, hangedman_decor_peaks_small
D:12:     layout_irregular_city, hiddenorc2_lemuel, gauntlet_entry_generic,
          nicolae_fort_ynox
D:13:     layout_stronghold
D:14:     minmay_shoctagon, layout_irregular_city,
          lightli_vaults_fourway_checkpoint, nicolae_tricolors
D:15:     gammafunk_enter_depths_forms, layout_loops_corners,
          minmay_misc_feat_four_crosses, minmay_guarded_unrand_variability,
          uniq_kirke
Lair:1:   layout_gridlike, cheibrodos_lair_lostbears, grunt_megastairs_2,
          lemuel_fruit_tree
Lair:2:   layout_layer_cave, minmay_shoals_entry_centaurs, lemuel_centaur_altar
Lair:3:   layout_regular_city, minmay_snake_entry_guardpost_large,
          nicolae_volcano_entry_hallway, serial_bayou_shore_a
Lair:4:   gammafunk_lair_enchanted_lake, layout_loops_ring, slime_entry_2,
          infiniplex_staircase_pool_2
Lair:5:   minmay_lair_end_enchanted_forest, layout_long_grid,
          portal_ice_cave_entry_ice_simulacra, roderic_batcave,
          eino_small_chamber_without_monster, columned_hall_lemuel,
          nicolae_quartered_pool_impasse, uniq_urug, uniq_sonja
Shoals:1: layout_shoals, serial_shops, nicolae_take_the_stairs, uniq_nikola
Shoals:2: layout_shoals
Shoals:3: layout_shoals, nzn_prometheus_bound, uniq_ilsuiw
Shoals:4: shoals_end_grunt_ice, layout_shoals, serial_shops, shop
Snake:1:  layout_gridlike
Snake:2:  layout_cave_shapes, serial_bayou_pond_d, uniq_vashnia
Snake:3:  layout_cave_town, serial_shops, bzr_entry_safe,
          nicolae_snake_snakes_in_the_grass, nicolae_triple_integral,
          grunt_megastairs_5, serial_bayou_shore_b, uniq_agnes
Snake:4:  johnstein_snake_rune_scales, layout_misc_corridors, serial_shops,
          shop, uniq_donald
Slime:1:  layout_caves, cheibrodos_slime_lost_civilization_4
Orc:1:    layout_diamond_mine, basic_altar, uniq_erolcha
Orc:2:    grunt_orc_cross, layout_diamond_mine, nicolae_shop_overcharged_wands
Elf:1:    elf_arrival_001, layout_geoelf_octagon, serial_shops,
          nicolae_shop_real_fake_doors, shop, shop, minmay_elf_necromancy,
          minmay_shop_star, grunt_megastairs_4
Elf:2:    nicolae_elf_blades_crystal_corner, layout_gridlike, serial_shops,
          bzr_entry_dummy, uniq_aizul
Elf:3:    elf_hall, layout_loops_corners
Vaults:1: nicolae_vaults_little_ls, nicolae_vaults_lightning_bolt,
          hangedman_vaults_maws, nicolae_vaults_storage_closets_1,
          vaults_mumra_hex, v_alt_pattern_6, nicolae_vaults_oozy_zoo,
          nicolae_vaults_tetromino_Z_1, nicolae_vaults_tangram_1,
          nicolae_vaults_tetromino_L_1, grunt_vaults_diagonal,
          nicolae_vaults_ninety_degrees, layout_vaults_maze_bifur
Vaults:2: nicolae_vaults_tetromino_L_2, nicolae_vaults_taking_the_gang_shopping,
          nicolae_vaults_hallways_thing, st_spiral_rooms, v_misc_26,
          nicolae_vaults_doubleplus_tesselated,
          nicolae_vaults_twisting_passages, nicolae_vaults_octothorpe,
          nicolae_vaults_house_1, nicolae_vaults_frosty_reception,
          nicolae_vaults_more_shelving_1, vaults_room_door_ring, v_misc_23,
          serial_ice_b, nicolae_vaults_apartment_1, layout_vaults_big_cross
Vaults:3: minmay_crypt_entry_skeletal_spiral, kennysheep_ogre_elephant_herders,
          vaults_room_ringed_pool, nicolae_vaults_little_squares_6,
          vaults_room_pools, minmay_orc_keep, ontoclasm_vaults_fault,
          grunt_vaults_funnel, nicolae_vaults_yaktaur_gun_rack,
          nicolae_vaults_closet_pinwheel_6, layout_vaults_chaotic_city,
          serial_shops, bzr_entry_customers
Vaults:4: vaults_dpeg_cross, v_misc_19, dpeg_vaults_monster_row,
          nicolae_vaults_trapezoid_4, kb_rosetta,
          nicolae_vaults_closet_pinwheel_4, nicolae_vaults_double_plus_2,
          layout_vaults_omnigrid, enter_trove_1, uniq_mennas
Crypt:1:  layout_chaotic_city, minivault_4, due_unseen_surprise, uniq_margery,
          uniq_josephina, uniq_vv, uniq_jory
Crypt:2:  layout_misc_corridors, gammafunk_ghost_fury_of_okawaru
Crypt:3:  grunt_crypt_end_deaths_head
Depths:1: layout_forbidden_donut, corexii_leaking_fountain, abyss_entry_crystal,
          grunt_hell_entry_dis_grunt, serial_shops, bzr_firewalk,
          lightli_minifort, grunt_megastairs_3
Depths:2: minmay_connected_boxes_in_corner, layout_cave_shapes,
          enter_ziggurat_a, grunt_decor_one_mirror, hell_entry,
          rand_demon_pan_entry_9, nicolae_gozag_cash_rules_everything_around_me
Depths:3: mu_elemental_laboratory, layout_cave_shapes,
          hangedman_abyss_entry_splay, hell_entry, corexii_hall_statues_l,
          nicolae_shop_i_like_small_books_too, uniq_xtahua
Depths:4: evilmike_zot_entry_diamond, layout_gridlike, tso_altar, hellmouth_3
Zot:1:    layout_gridlike, st_large_dragon_hoard_3
Zot:2:    layout_cellular_growth
Zot:3:    ebering_klown_carousel, layout_basic
Zot:4:    layout_twisted_circle
Zot:5:    layout_twisted_circle

Skill      XL: |  1  2  3  4  5  6  7  8  9 10 11 12 13 14 15 16 17 18 19 20 21 22 23 24 25 |
---------------+----------------------------------------------------------------------------+-----
Stealth        | 2 3 5 7 |  7.6
Spellcasting   | 1 2 3 5 6 7 9 10 12 13 | 13.0
Earth Magic    | 2 3 4 5 6 8 |  8.5
Conjurations   | 1 2 4 5 6 8 9 10 | 10.0
Dodging        | 4 5 6 7 9 12 14 17 20 | 20.9
Fighting       | 5 6 8 10 12 14 15 17 18 19 20 | 20.9
Translocations | 4 10 | 10.0
Evocations     | 3 5 6 10 14 | 14.0
Summonings     | 5 7 |  7.0
Transmutations | 8 10 | 10.0
Hexes          | 7 10 11 16 18 21 | 21.0
Shapeshifting  | 1 10 14 15 16 19 20 | 20.3
Unarmed Combat | 6 10 13 15 17 20 | 20.0
Air Magic      | 2 4 |  4.0

Action                     |  1- 3 |  4- 6 |  7- 9 | 10-12 | 13-15 | 16-18 | 19-21 | 22-24 | 25-27 || total
---------------------------+-------+-------+-------+-------+-------+-------+-------+-------+-------++-------
  Melee: Unarmed           |    61 |    23 |    18 |    60 |    52 |   561 |  1105 |  1510 |    93 ||  3483
         Bite              |     7 |     3 |     1 |    14 |     6 |    85 |   210 |   256 |    17 ||   599
         Punch             |       |     1 |       |     2 |     3 |    50 |   109 |   235 |    17 ||   417
         Tailslap          |       |       |       |       |       |     6 |       |       |       ||     6
         Headbutt          |       |       |       |       |       |       |   145 |    53 |       ||   198
   Cast: Sandblast         |    51 |   120 |    83 |    93 |    51 |       |       |       |       ||   398
         Stone Arrow       |       |    20 |    84 |   368 |   869 |   261 |       |       |       ||  1602
         Brom's Barrelling |       |       |       |    61 |    21 |     7 |       |       |       ||    89
         Iskenderun's Myst |       |       |       |     2 |    98 |     5 |       |       |       ||   105
         Summon Forest     |       |       |       |       |    69 |    67 |    11 |       |       ||   147
         Irradiate         |       |       |       |       |    72 |    95 |    39 |    26 |     5 ||   237
         Blink             |       |       |       |       |     2 |     3 |     5 |     3 |     1 ||    14
         Summon Mana Viper |       |       |       |       |       |   223 |    75 |    32 |     2 ||   332
         Tukima's Dance    |       |       |       |       |       |    17 |       |       |       ||    17
         Vhi's Electric Ch |       |       |       |       |       |    86 |   106 |    97 |    13 ||   302
         Lesser Beckoning  |       |       |       |       |       |     2 |       |     3 |       ||     5
         Apportation       |       |       |       |       |       |       |     1 |     2 |       ||     3
         Wereblood         |       |       |       |       |       |       |    17 |    37 |     1 ||    55
         Passwall          |       |       |       |       |       |       |     2 |     2 |     1 ||     5
Ability: Breathe Fire      |       |       |       |       |       |    11 |       |       |       ||    11
  Evoke: Wand              |       |     6 |    11 |    12 |    21 |    37 |    12 |    11 |     5 ||   115
         Lightning rod     |       |       |       |     8 |     6 |    16 |     8 |       |       ||    38
         Condenser vane    |       |       |       |       |       |       |       |     2 |       ||     2
    Use: Scroll            |     1 |     7 |     5 |    10 |     6 |    14 |    11 |     6 |     9 ||    69
         Potion            |       |     4 |     1 |     7 |     4 |     8 |       |     9 |     9 ||    42
   Stab: Sleeping          |     2 |     1 |       |     1 |       |     4 |    15 |     8 |       ||    31
         Paralysed         |       |     2 |       |       |     8 |     8 |       |       |     2 ||    20
         Confused          |       |     1 |       |       |       |       |     5 |     3 |       ||     9
         Invisible         |       |       |       |       |     4 |       |       |     3 |       ||     7
         Distracted        |       |       |       |       |     1 |     9 |    11 |    10 |     2 ||    33
         Petrified         |       |       |       |       |       |       |       |     1 |       ||     1
 Armour: Skin              |    27 |    40 |    44 |   156 |   208 |   586 |   583 |   725 |    58 ||  2427
  Dodge: Dodged            |    54 |    53 |   109 |   515 |   675 |  1426 |  1796 |  3116 |   158 ||  7902
  Block: Other             |       |       |       |       |       |    10 |       |       |       ||    10
         Reflection        |       |       |       |       |       |     1 |       |       |       ||     1
   Form: Dragon            |       |       |       |       |       |     2 |       |       |       ||     2
                           |       |       |       |       |       |     1 |       |       |       ||     1
         Statue            |       |       |       |       |       |     1 |       |       |       ||     1

Table legend: (Time is in decaauts)
 A = Elapsed time spent in this place.
 B = Non-inter-level travel time spent in this place.
 C = Inter-level travel time spent in this place.
 D = Time resting spent in this place.
 E = Time spent auto-exploring this place.
 F = Levels seen in this place.
 G = Mean time per level.
                   A        B        C        D        E       F      G
               +--------+--------+--------+--------+--------+-----+--------+
         Total | 110309 | 100540 |   9769 |  32825 |  45918 |  58 | 1901.9 |
       Dungeon |  35267 |  31436 |   3831 |  14651 |  10648 |  15 | 2351.1 |
          Lair |  12017 |  10711 |   1306 |   4254 |   4292 |   5 | 2403.4 |
        Shoals |   9874 |   9202 |    672 |   3087 |   4038 |   4 | 2468.5 |
     Snake Pit |  10210 |   9465 |    745 |   3718 |   3397 |   4 | 2552.5 |
    Slime Pits |      2 |      1 |      1 |      0 |      0 |   1 |    2.0 |
  Orcish Mines |   2183 |   1651 |    532 |    402 |    706 |   2 | 1091.5 |
   Elven Halls |   8683 |   8280 |    403 |   3367 |   3582 |   3 | 2894.3 |
        Vaults |  12187 |  11295 |    892 |   1949 |   7306 |   4 | 3046.8 |
         Crypt |   4248 |   4009 |    239 |    256 |   2334 |   3 | 1416.0 |
        Depths |   6733 |   6091 |    642 |    182 |   4501 |   4 | 1683.2 |
           Zot |   7637 |   7136 |    501 |    956 |   4899 |   5 | 1527.4 |
         Abyss |    796 |    796 |      0 |      0 |     55 |   4 |  199.0 |
        Bazaar |    401 |    401 |      0 |      0 |    156 |   3 |  133.7 |
         Trove |     67 |     67 |      0 |      0 |      0 |   1 |   67.0 |
               +--------+--------+--------+--------+--------+-----+--------+

Top non-repeatable levels by time:
    D:12: 5466 daAuts
   Elf:3: 4498 daAuts
Shoals:3: 3814 daAuts
 Snake:3: 3573 daAuts
    D:11: 3494 daAuts
    D:13: 3486 daAuts
Vaults:2: 3276 daAuts
Vaults:3: 3230 daAuts
     D:4: 3073 daAuts
Vaults:4: 3064 daAuts
  Lair:2: 2760 daAuts
    D:10: 2698 daAuts
Vaults:1: 2617 daAuts
  Lair:1: 2561 daAuts
Shoals:4: 2525 daAuts

Table legend:
 A = Kills in this place as a percentage of kills in the entire game.
 B = Kills by you in this place as a percentage of kills by you in the entire game.
 C = Kills by friends in this place as a percentage of kills by friends in the entire game.
 D = Other kills in this place as a percentage of other kills in the entire game.
 E = Experience gained in this place as a percentage of experience gained in the entire game.
 F = Experience gained in this place divided by the number of levels of this place that you have seen.
                   A       B       C       D       E      F
               +-------+-------+-------+-------+-------+----------------------
         Total | 100.0 | 100.0 | 100.0 | 100.0 | 100.0 | 20457.8
       Dungeon |  20.0 |  21.6 |   9.8 |   0.0 |   7.6 | 6031.1
          Lair |   9.9 |  10.5 |   6.2 |   7.1 |   4.6 | 10836.4
        Shoals |   8.4 |   6.6 |  20.4 |  14.3 |   8.1 | 24170.2
     Snake Pit |   9.5 |   6.6 |  29.1 |  21.4 |   9.6 | 28546.0
  Orcish Mines |   3.8 |   3.2 |   8.7 |   0.0 |   0.9 | 5419.0
   Elven Halls |   7.3 |   7.7 |   4.0 |  14.3 |   9.7 | 38233.7
        Vaults |  14.1 |  14.1 |  14.2 |   7.1 |  17.5 | 51871.2
         Crypt |   9.2 |  10.0 |   2.9 |  14.3 |  10.5 | 41470.3
        Depths |   8.3 |   8.9 |   4.4 |   0.0 |  13.5 | 40161.5
           Zot |   6.6 |   7.5 |   0.4 |   7.1 |  15.7 | 37166.4
         Abyss |   2.8 |   3.2 |   0.0 |  14.3 |   2.3 | 6781.5
               +-------+-------+-------+-------+-------+----------------------
